 Dungeon Crawl Stone Soup version 0.30.1-11-g7821555f0a (webtiles) character file.

Game seed: 12510423721080046316

11598447 Nonny the Ninja (level 27, 249/249 HPs)
             Began as a Merfolk Gladiator on Dec 5, 2023.
             Was the Champion of Dithmenos.
             Escaped with the Orb
             ... and 14 runes on Dec 7, 2023!
             The game lasted 10:03:33 (121677 turns).

Nonny the Ninja (Merfolk Gladiator)               Turns: 121677, Time: 10:03:34

Health: 249/249    AC: 30    Str:  4    XL:     27
Magic:  16/16      EV: 16    Int:  8    God:    Dithmenos [******]
Gold:   8344       SH: 12    Dex: 31    Spells: 40/53 levels left

rFire   + + +        o - +9 double sword (antimagic)
rCold   . . .        W - +3 warlock's mirror {omnireflect}
rNeg    + + +        F - +6 scale mail "Mam Dupn" {Regen+}
rPois   +            Z - +2 hood of the Assassin {Detect Stab+ Stlth++}
rElec   .            m - +1 cloak of the Stallion {rN+ Regen+}
rCorr   .            C - +0 pair of gloves of Yredelemnul's Reproof {rF+ Str+2}
SInv    +            Q - +4 pair of boots "Zivosix" {Rampage Str-4 Dex+3}
Will    ++++.        z - amulet of Juysaica {Acrobat MP+9}
Stlth   ++++++++     h - ring of Fokhlor {rF+ rN++ Str-5}
HPRegen 2.21/turn    B - ring "Rolok" {rPois rF+ SInv}
MPRegen 0.15/turn

%: reflection, acrobat, rampage
@: wreathed by umbra, studying 2 skills
A: (nimble swimmer 2), mertail, fire resistance 1, strong-willed 2, weak 2, wild
magic 1
0: Orb of Zot
}: 14/15 runes: serpentine, barnacled, slimy, silver, iron, obsidian, icy, bone,
abyssal, demonic, glowing, magical, fiery, dark
a: Renounce Religion, Shadow Step, Shadow Form


You escaped.
You worshipped Dithmenos.
Dithmenos was exalted by your worship.
You visited 18 branches of the dungeon, and saw 85 of its levels.
You visited Pandemonium 1 time, and saw 14 of its levels.
You visited the Abyss 3 times.
You visited 1 bazaar.
You also visited: Trove, Ice Cave and Wizlab.

You collected 16277 gold pieces.
You spent 7933 gold pieces at shops.

Inventory:

Hand Weapons
 c - the +5 scimitar "Jiwaynn" {freeze, Will++ rCorr Int+7}
   (You acquired it on level 3 of the Shoals)

   Int:       It affects your intelligence (+7).
   rCorr:     It protects you from acid and corrosion.
   Will:      It greatly increases your willpower.
 o - a +9 antimagic double sword (weapon)
 r - a +3 quarterstaff of chaos
 K - a +4 eudemon blade of holy wrath
Missiles
 b - 41 poisoned darts
 e - 26 javelins
 i - 4 throwing nets
 E - 15 boomerangs (quivered)
 M - 12 atropa-tipped darts
 P - 7 silver javelins
 V - 4 datura-tipped darts
Armour
 m - the +1 cloak of the Stallion (worn) {rN+ Regen+}
   (You found it in a treasure trove)

   rN:        It protects you from negative energy.
   Regen:     It increases your rate of health regeneration.
 C - the +0 pair of gloves of Yredelemnul's Reproof (worn) {rF+ Str+2}
   (You found it on level 3 of the Snake Pit)

   Str:       It affects your strength (+2).
   rF:        It protects you from fire.
 F - the +6 scale mail "Mam Dupn" (worn) {Regen+}
   (You found it on level 5 of the Pits of Slime)

   Regen:     It increases your rate of health regeneration.
 O - the orb of Dispater {+Damnation *Corrode AC+5}
   (You found it on level 7 of the Iron City of Dis)

   +Damnation: It grants the ability to hurl damnation at the cost of health and
   magic, with strength depending on Evocations skill.
   AC:        It affects your AC (+5).
   *Corrode:  It may corrode you when you take damage.
 Q - the +4 pair of boots "Zivosix" (worn) {Rampage Str-4 Dex+3}
   (You acquired it on level 2 of the Orcish Mines)

   Str:       It affects your strength (-4).
   Dex:       It affects your dexterity (+3).
   Rampage:   It bestows one free step when moving towards enemies.
 W - the +3 warlock's mirror (worn) {omnireflect}
   (You acquired it on level 12 of the Dungeon)

   Omnireflect: It can block and reflect piercing ranged attacks and magical
   attacks against the wielder's willpower.
 Z - the +2 hood of the Assassin (worn) {Detect Stab+ Stlth++}
   (You bought it in a shop on level 5 of the Dungeon)

   Detect:    It allows the wearer to sense nearby creatures.
   Stab+:     It allows the wearer to make particularly effective stabbing
   attacks against helpless or unaware enemies with any weapon.
   Stlth:     It makes you much more stealthy.
Jewellery
 a - the ring "Hinuadoll" {rN+ Str-5 Dex+3 SInv}
   (You found it in Pandemonium)

   [ring of see invisible]

   Str:       It affects your strength (-5).
   Dex:       It affects your dexterity (+3).
   rN:        It protects you from negative energy.
   SInv:      It lets you see invisible.
 d - the ring of the Tortoise {AC+8}
   (You took it off a wizard on level 3 of the Depths)

   [ring of protection]

   AC:        It affects your AC (+8).
 h - the ring of Fokhlor (left hand) {rF+ rN++ Str-5}
   (You found it on level 3 of the Depths)

   [ring of protection from fire]

   Str:       It affects your strength (-5).
   rF:        It protects you from fire.
   rN:        It greatly protects you from negative energy.
 k - the ring "Uteraehu" {rC++ rN+ rCorr MP-9 Str+2}
   (You found it in a treasure trove)

   [ring of positive energy]

   Str:       It affects your strength (+2).
   rC:        It greatly protects you from cold.
   rN:        It protects you from negative energy.
   MP:        It affects your magic capacity (-9).
   rCorr:     It protects you from acid and corrosion.
 p - the ring "Kejoynus" {rElec rC++ AC+4 Str-2 Stlth-}
   (You found it on level 13 of the Dungeon)

   [ring of protection]

   AC:        It affects your AC (+4).
   Str:       It affects your strength (-2).
   rC:        It greatly protects you from cold.
   rElec:     It insulates you from electricity.
   Stlth:     It makes you less stealthy.
 y - a ring of flight
 z - the amulet of Juysaica (around neck) {Acrobat MP+9}
   (You took it off a deep elf blademaster on level 3 of the Elven Halls)

   [amulet of the acrobat]

   It increases your evasion while moving and waiting.
   MP:        It affects your magic capacity (+9).
 B - the ring "Rolok" (right hand) {rPois rF+ SInv}
   (You found it on level 7 of Tartarus)

   [ring of see invisible]

   rF:        It protects you from fire.
   rPois:     It protects you from poison.
   SInv:      It lets you see invisible.
 I - the ring of Iceahuola {rF- rN+ Str+10 Int-3 SInv}
   (You found it on level 7 of Gehenna)

   [ring of see invisible]

   Str:       It affects your strength (+10).
   Int:       It affects your intelligence (-3).
   rF:        It makes you vulnerable to fire.
   rN:        It protects you from negative energy.
   SInv:      It lets you see invisible.
Wands
 g - a wand of acid (38)
 s - a wand of flame (171)
 u - a wand of mindburst (50)
 D - a wand of polymorph (42)
 G - a wand of digging (2)
 H - a wand of paralysis (82)
 J - a wand of roots (89)
Scrolls
 l - 3 scrolls of teleportation
 q - 8 scrolls of immolation
 w - 13 scrolls of fear
Potions
 f - 2 potions of resistance
 j - 6 potions of mutation
 n - 20 potions of curing
 t - 9 potions of cancellation
 x - a potion of haste
 N - a potion of invisibility
 R - 7 potions of magic
 X - 5 potions of might
Miscellaneous
 v - a phial of floods
 A - a condenser vane
 L - a phantom mirror
 T - a box of beasts
 U - a lightning rod (4/4)


   Skills:
 O Level 27 Fighting
 - Level 23.0 Long Blades
 + Level 23.6 Throwing
 * Level 20.4 Armour
 O Level 27 Dodging
 O Level 27 Stealth
 - Level 10.0 Shields
 * Level 13.6 Spellcasting
 - Level 15.0 Summonings
 - Level 9.2 Translocations
 - Level 12.7 Ice Magic
 - Level 5.0 Invocations
 - Level 22.0 Evocations


You had 40 spell levels left.
You knew the following spells:

 Your Spells              Type           Power      Damage    Failure   Level
a - Blink                 Tloc           52%        N/A       7%          2
b - Apportation           Tloc           52%        N/A       4%          1
c - Lesser Beckoning      Tloc           52%        N/A       7%          2
d - Manifold Assault      Tloc           26%        N/A       36%         4
e - Summon Ice Beast      Ice/Summ       36%        N/A       7%          4

Your spell library contained the following spells:

 Spells                   Type           Power      Damage    Failure   Level
 Freeze                   Ice            100%       1d10      1%          1
 Summon Small Mammal      Summ           100%       N/A       1%          1
 Call Canine Familiar     Summ           38%        N/A       1%          3
 Frozen Ramparts          Ice            66%        1d10      3%          3
 Ozocubu's Armour         Ice            33%        N/A       3%          3
 Gell's Gravitas          Tloc           26%        N/A       13%         3
 Teleport Other           Tloc           26%        N/A       13%         3
 Ensorcelled Hibernation  Hex/Ice        40%        N/A       21%         2
 Summon Guardian Golem    Hex/Summ       22%        N/A       24%         3
 Summon Forest            Summ/Tloc      16%        N/A       32%         5
 Momentum Strike          Conj/Tloc      32%        3d8       36%         2
 Hailstorm                Conj/Ice       20%        3d6       36%         3
 Passage of Golubria      Tloc           26%        N/A       36%         4
 Summon Cactus Giant      Summ           19%        N/A       47%         6
 Portal Projectile        Hex/Tloc       32%        N/A       58%         3
 Vhi's Electric Charge    Tloc/Air       32%        N/A       58%         3
 Volatile Blastmotes      Fire/Tloc      32%        2d12      58%         3
 Animate Armour           Summ/Erth      44%        N/A       58%         4
 Summon Lightning Spire   Summ/Air       22%        N/A       58%         4
 Ice Form                 Ice/Tmut       20%        N/A       75%         4
 Beastly Appendage        Tmut           14%        N/A       83%         1
 Foxfire                  Conj/Fire      28%        2x1d5     83%         1
 Kiss of Death            Conj/Necr      28%        2d7       83%         1
 Magic Dart               Conj           28%        1d4       83%         1
 Necrotise                Necr           28%        1d5       83%         1
 Slow                     Hex            28%        N/A       83%         1
 Sting                    Tmut/Pois      28%        1d4       83%         1
 Summon Mana Viper        Hex/Summ       22%        N/A       89%         5
 Cigotuvi's Dreadful Rot  Necr/Pois/Air  14%        N/A       92%         2
 Passwall                 Tmut/Erth      5%         N/A       92%         2
 Poisonous Vapours        Pois/Air       14%        N/A       92%         2
 Scorch                   Fire           14%        2d6       92%         2
 Searing Ray              Conj           14%        2d5       92%         2
 Static Discharge         Conj/Air       14%        2-3/arc   92%         2
 Sublimation of Blood     Necr           7%         N/A       92%         2
 Wereblood                Tmut           7%         N/A       92%         2
 Iskenderun's Mystic Bla  Conj/Tloc      16%        2d5       92%         4
 Monstrous Menagerie      Summ           19%        N/A       95%         7
 Summon Hydra             Summ           19%        N/A       95%         7
 Metabolic Englaciation   Hex/Ice        10%        N/A       97%         5
 Confusing Touch          Hex            7%         N/A       99%         3
 Dazzling Flash           Conj/Hex       14%        N/A       99%         3
 Ignite Poison            Fire/Tmut/Pois 7%         N/A       99%         3
 Inner Flame              Hex/Fire       7%         N/A       99%         3
 Mephitic Cloud           Conj/Pois/Air  7%         N/A       99%         3
 Spider Form              Tmut/Pois      7%         N/A       99%         3
 Stone Arrow              Conj/Erth      14%        3d7       99%         3
 Swiftness                Air            7%         N/A       99%         3
 Tukima's Dance           Hex            7%         N/A       99%         3
 Vampiric Draining        Necr           7%         2d6       99%         3
 Dispersal                Tloc           13%        N/A       99%         6
 Airstrike                Air            3%         2d(1-17)  100%        4
 Anguish                  Hex/Necr       3%         N/A       100%        4
 Animate Dead             Necr           7%         N/A       100%        4
 Cause Fear               Hex            3%         N/A       100%        4
 Dispel Undead            Necr           7%         3d8       100%        4
 Flame Wave               Conj/Fire      7%         2d5       100%        4
 Fulminant Prism          Conj/Hex       3%         3d5       100%        4
 Leda's Liquefaction      Hex/Erth       3%         N/A       100%        4
 Olgreb's Toxic Radiance  Pois           7%         N/A       100%        4
 Sticky Flame             Conj/Fire      7%         2d3       100%        4
 Agony                    Necr           7%         N/A       100%        5
 Alistair's Intoxication  Tmut/Pois      4%         N/A       100%        5
 Arcjolt                  Conj/Air       3%         1d13      100%        5
 Blade Hands              Tmut           3%         N/A       100%        5
 Borgnjor's Vile Clutch   Necr/Erth      3%         N/A       100%        5
 Fireball                 Conj/Fire      3%         3d4       100%        5
 Freezing Cloud           Conj/Ice/Air   7%         6-21      100%        5
 Irradiate                Conj/Tmut      3%         3d12      100%        5
 Lee's Rapid Deconstruct  Erth           3%         3d5*      100%        5
 Silence                  Hex/Air        3%         N/A       100%        5
 Yara's Violent Unravell  Hex/Tmut       3%         3d4       100%        5
 Conjure Ball Lightning   Conj/Air       3%         3x3d6     100%        6
 Death Channel            Necr           3%         N/A       100%        6
 Eringya's Noxious Bog    Tmut/Pois      3%         N/A       100%        6
 Iron Shot                Conj/Erth      3%         9d2       100%        6
 Plasma Beam              Fire/Air       3%         2x1d15    100%        6
 Simulacrum               Ice/Necr       10%        N/A       100%        6
 Starburst                Conj/Fire      3%         6d3       100%        6
 Statue Form              Tmut/Erth      4%         N/A       100%        6
 Dragon Form              Tmut           3%         N/A       100%        7
 Enfeeble                 Hex            3%         N/A       100%        7
 Haunt                    Necr/Summ      11%        N/A       100%        7
 Malign Gateway           Summ/Tloc      16%        N/A       100%        7
 Orb of Destruction       Conj           3%         9d5       100%        7
 Ozocubu's Refrigeration  Ice            16%        4d11      100%        7
 Spellforged Servitor     Conj/Summ      11%        N/A       100%        7
 Storm Form               Tmut/Air       3%         N/A       100%        7
 Borgnjor's Revivificati  Necr           3%         N/A       100%        8
 Discord                  Hex            3%         N/A       100%        8
 Disjunction              Tloc           13%        N/A       100%        8
 Infestation              Necr           3%         N/A       100%        8
 Lehudib's Crystal Spear  Conj/Erth      3%         10d3      100%        8
 Maxwell's Capacitive Co  Air            3%         ∞         100%        8
 Summon Horrible Things   Summ           19%        N/A       100%        8
 Chain Lightning          Conj/Air       3%         3d4       100%        9
 Death's Door             Necr           3%         N/A       100%        9
 Fire Storm               Conj/Fire      3%         8d1       100%        9
 Polar Vortex             Ice            16%        N/A       100%        9
 Shatter                  Erth           3%         3d7*      100%        9


Dungeon Overview and Level Annotations

Branches:
Dungeon (15/15)            Temple (1/1) D:4            Lair (5/5) D:9
 Shoals (4/4) Lair:3        Snake (4/4) Lair:2        Slime (5/5) Lair:4
    Orc (2/2) D:12            Elf (3/3) Orc:2        Vaults (5/5) D:14
  Crypt (3/3) Vaults:2       Tomb (1/3) Crypt:3      Depths (4/4) D:15
   Hell (visited)             Dis (7/7) Hell            Geh (7/7) Hell
    Coc (7/7) Hell            Tar (7/7) Hell            Zot (5/5) Depths:4
  IceCv (visited)          WizLab (visited)

Altars:
Ashenzari
Cheibriados
Dithmenos
Elyvilon
Fedhas
Gozag
Hepliaklqana
Kikubaaqudgha
Makhleb
Nemelex Xobeh
Okawaru
Qazlal
Ru
Sif Muna
Trog
Uskayaw
Vehumet
Wu Jian
Xom
Yredelemnul
Zin
The Shining One
Lugonu

Shops:
D:2 !   D:5 ![   D:7 [   D:14 :   Orc:2 ?[!=   Shoals:1 =(*   Shoals:3 *?
Vaults:1 :   Vaults:2 :((:   Vaults:3 *   Vaults:5 !   Depths:2 (:
Depths:4 ((

Portals:
Hell: Depths:1 Depths:2 Depths:3 Depths:4
Abyss: Shoals:1 Depths:3
Pandemonium: Orc:2 Depths:1 Depths:2
Ziggurat: Depths:4

Annotations:
D:11 wide open floor
Shoals:3 catoblepas northeast
Vaults:2 Jory
Crypt:2 exclusion: door


Innate Abilities, Weirdness & Mutations

((You are very nimble when in or above water. (Stealth+, EV+, Speed+++)))
Your lower body shifts to a powerful aquatic tail in water.
Your flesh is heat resistant. (rF+)
You are highly strong-willed. (Will++)
You are very weak. (Str -4)
Your spells are a little harder to cast, but a little more powerful.


Message History

The ynoxinul's magic leaks into the air.
The ynoxinul is severely wounded.
Your shadow barely misses the ynoxinul.
You block the ynoxinul's attack. The ufetubus closely misses you.
You block the ufetubus's attack.
You slice the ynoxinul!!
You kill the ynoxinul!
Dithmenos accepts your kill.
The ufetubus disappears in a puff of smoke!
There is a staircase leading out of the dungeon here.
You start waiting.
You sense a monster nearby.
You start waiting.
You sense a monster nearby.
You start waiting.
You sense a monster nearby.
You start waiting.
A chaos spawn comes into view.
You slice the chaos spawn!!
The chaos spawn is heavily wounded.
Your shadow hits the chaos spawn with a double sword!
You open the chaos spawn like a pillowcase!!!
You kill the chaos spawn!
Dithmenos accepts your kill.
The chaos spawn degenerates into a cloud of primal chaos!
You start waiting.
You sense a monster nearby.
You start waiting.
Done waiting.
You start waiting.
You sense a monster nearby.
You start waiting.
A demonspawn warmonger comes into view.
It is wielding a +1 demon whip of pain and wearing a +0 tower shield of positive energy.
You catch the helpless demonspawn warmonger completely off-guard!
You chop the demonspawn warmonger into pieces!!!!!
You kill the demonspawn warmonger!
Dithmenos accepts your kill.
Items here: )) [[.
Okay, then.
There is a staircase leading out of the dungeon here.
You have escaped!

#####.#.......##.#...#.##.#...#..
........#.###.##.###..##.##.)....
........#.....###).###.#.#..#....
.####.#.#####.###.#.###..#.#.#..#
.# #......##.##.##...#.#..#...#.
.# ###.##.##.##..####.##..##.##.
.# #..#....####).#..#.#..#..#.
.#######.#.#####..##..##..#...#[.
#..........# #@#..#...##......#
#..........# ##################
#..........######################
......##......#......{..........#
#.............#.#...{##......).>#
..............#......##.†.......#
#............[#......##..†......#
#.............##.....##.........#
#.............##.#.####.........#


There were no monsters in sight!

Vanquished Creatures
  Cerebov (Pan)
  Asmodeus (Geh:7)
  Antaeus (Coc:7)
  Ereshkigal (Tar:7)
  the Royal Jelly (Slime:5)
  Gloorx Vloq (Pan)
  the Serpent of Hell (Geh:7)
  Mnoleg (Pan)
  Lom Lobon (Pan)
  Tiamat (Zot:5)
  3 dread liches
  Dispater (Dis:7)
  3 ancient liches
  Mara (Vaults:2)
  7 orbs of fire (Zot:5)
  Mennas (Pan)
  6 pandemonium lords
  3 juggernauts (Dis:7)
  Sojobo (Vaults:2)
  Vv (Crypt:1)
  A Head Instructor (WizLab)
  10 shard shrikes (Coc:7)
  Xtahua (Vaults:4)
  3 Killer Klowns
  Saint Roka (Crypt:1)
  3 curse toes
  22 caustic shrikes
  11 golden dragons
  Geryon (Hell)
  The ghost of MrSquiggles the Sorcerer, a veteran DsCj of Vehumet (Crypt:1)
  Nikola (Shoals:1)
  23 profane servitors
  6 electric golems
  7 doom hounds
  12 Tzitzimimeh
  10 bone dragons
  6 iron giants
  2 spectral shard shrikes
  9 Brimstone Fiends
  Rupert (D:13)
  Jorgrun (D:13)
  14 hellephants
  Zenata (Elf:2)
  A walking crystal tome (Depths:3)
  16 tentacled monstrosities
  10 liches
  11 Hell Sentinels
  28 tainted leviathans
  The ghost of Pooter the Severer, an adept MiBe of Trog (Shoals:4)
  Grunn (Depths:2)
  27 Orb Guardians
  19 Ice Fiends
  23 searing wretches
  3 deep elf blademasters
  14 titans
  A walking frostbound tome (Depths:3)
  29 ancient champions
  12 death cobs
  7 quicksilver dragons
  Polyphemus (Shoals:3)
  Gastronok (Lair:1)
  2 deep elf master archers (Elf:3)
  Frances (D:13)
  19 Executioners
  17 acid blobs
  A tentacled starspawn (Abyss:4)
  Kirke (D:12)
  7 sphinxes
  12 shadow dragons
  Agnes (D:15)
  5 draconian monks
  12 storm dragons
  9 tengu reavers
  8 rockslimes
  9 revenants
  The ghost of Xoroc the Carver, an adept HuFi of Okawaru (Shoals:1)
  10 draconian knights
  2 demonspawn warmongers
  The ghost of wWBigheadWw the Fencer, a journeyman MiBe of Trog (Shoals:1)
  2 nagarajas
  22 fire giants
  13 azure jellies
  10 frost giants
  9 narguns
  6 deep elf sorcerers
  12 draconian scorchers
  24 balrugs
  Aizul (Snake:4)
  Louise (Shoals:3)
  15 vault wardens
  8 draconian shifters
  6 spectral caustic shrikes
  6 quicksilver elementals
  14 draconian annihilators
  A deep elf elementalist (Elf:3)
  16 cacodemons
  16 shard shrike simulacra
  4 draconian stormcallers
  A spectral juggernaut (Tar:6)
  7 curse skulls
  13 ghouls
  An orc warlord (Vaults:1)
  4 ghost moths
  5 demonspawn blood saints (Pan)
  10 iron dragons
  39 war gargoyles
  3 demonspawn corrupters
  24 ironbound preservers
  15 stone giants
  A caustic shrike zombie (Abyss:5)
  3 spriggan defenders
  17 reapers
  7 ironbound thunderhulks
  13 vampire knights
  11 quicksilver oozes
  24 elemental wellsprings
  23 putrid mouths
  11 green draconians
  32 very ugly things
  11 deep elf demonologists
  2 starflowers (Abyss:4)
  16 black draconians
  5 halazid warlocks (Tar:6)
  8 lorocyprocas
  9 deep elf annihilators
  7 spark wasps
  15 purple draconians
  7 demonspawn black suns
  19 wendigos
  14 white draconians
  14 dire elephants
  12 iron golems
  9 red draconians
  Snorg (D:10)
  10 ettins
  10 yellow draconians
  7 merfolk javelineers
  12 blizzard demons
  13 green deaths (Pan)
  9 merfolk impalers
  A quicksilver dragon zombie (Crypt:2)
  9 deep elf death magi
  5 eidola
  An entropy weaver (Vaults:4)
  11 jiangshi
  15 fire dragons
  5 mummy priests
  A spectral iron giant (Tar:3)
  A crystal guardian (Vaults:2)
  4 spectral krakens
  Fannar (D:10)
  7 great orbs of eyes
  7 spectral spriggans
  12 yaktaur captains
  4 deep elf high priests
  2 peacekeepers
  39 vault guards
  4 juggernaut simulacra
  15 ice dragons
  8 rakshasas
  3 catoblepae
  6 spriggan skeletons
  9 salamander tyrants
  4 spriggan air magi
  2 quicksilver dragon skeletons
  2 demonspawn (Orc:2)
  6 caustic shrike simulacra
  A spectral stone giant (Tar:1)
  5 ogre magi
  10 hell beasts
  A radroach (D:14)
  9 hydras
  5 merfolk avatars
  7 death knights
  8 ironbound frosthearts
  3 boulder beetles
  2 merfolk aquamancers
  4 alligator snapping turtles (Shoals:4)
  18 centaur warriors
  8 two-headed ogres
  29 dancing weapons
  13 anacondas
  3 satyrs
  10 deep troll shamans
  5 stokers
  6 death scarabs (Tomb:1)
  15 naga warriors
  13 tengu warriors
  6 deep troll earth magi
  A satyr (shapeshifter) (Vaults:5)
  5 vampire magi
  21 death yaks
  6 shock serpents
  9 orc high priests
  28 hell hogs
  13 crystal echidnas
  4 skysharks
  6 thrashing horrors
  10 spriggan berserkers
  19 naga sharpshooters
  2 spectral dire elephants
  34 sun demons
  16 hell knights
  5 wretched stars
  A spriggan (Depths:1)
  A titan skeleton (Crypt:2)
  12 shadow wraiths
  14 deep elf knights
  Nergalle (D:12)
  12 soul eaters
  A golden dragon zombie (Crypt:3)
  2 spatial maelstroms (Abyss:4)
  25 sixfirhies
  10 salamander mystics
  14 sea snakes
  17 iron trolls
  33 skeletal warriors
  Lodul (D:14)
  8 glowing orange brains
  3 flayed ghosts
  73 deep trolls
  2 goliath frogs (Lair:5)
  2 spectral anacondas
  4 quicksilver dragon simulacra
  2 orange crystal statues
  A fenstrider witch simulacrum (Crypt:2)
  An anaconda zombie (Hell)
  8 shadow demons
  A golden dragon skeleton (Pan)
  A spectral hydra (Tar:2)
  A harpy (shapeshifter) (Abyss:5)
  2 spriggan simulacra (Coc:7)
  A bunyip skeleton (Pan)
  17 phantasmal warriors
  3 bog bodies
  3 lindwurms (Snake:4)
  11 orc knights
  2 swamp dragons (shapeshifter)
  6 naga ritualists
  8 deep elf archers
  11 ironbound convokers
  2 mana vipers (shapeshifter)
  A shadow dragon zombie (Crypt:3)
  3 anaconda skeletons
  11 wizards
  A steelbarb worm (shapeshifter) (Vaults:2)
  14 necromancers
  13 harpies
  20 deep elf pyromancers
  5 orc sorcerers (Orc:2)
  21 salamanders
  14 deep elf zephyrmancers
  9 fauns
  17 mana vipers
  28 ugly things
  3 cyclopes
  A wolf spider (shapeshifter) (D:13)
  The ghost of PredatorCatcher the Magician, a novice DjVM of Nemelex Xobeh (D:5)
  4 shining eyes
  A will-o-the-wisp (Abyss:4)
  19 manticores
  A frost giant zombie (Vaults:1)
  24 black mambas
  A moth of wrath (shapeshifter) (D:13)
  27 moths of wrath
  A worldbinder (Shoals:1)
  2 spectral centaurs
  A manticore (shapeshifter) (Vaults:5)
  16 elephants
  A naga zombie (Crypt:3)
  2 apocalypse crabs (Shoals:1)
  An ice statue (Hell)
  A stone giant skeleton (Pan)
  7 demonic crawlers (Pan)
  12 merfolk sirens
  16 naga magi
  56 smoke demons
  22 vault sentinels
  7 guardian serpents (Snake:4)
  2 spectral alligator snapping turtles
  3 eyes of devastation (Slime:5)
  7 water nymphs
  3 gargoyles
  2 human skeletons (Vaults:1)
  9 rust devils
  A torpor snail (Lair:3)
  The ghost of Esekla the Thaumaturge, a novice DEWn of Vehumet (D:6)
  28 hellions
  6 titan simulacra
  4 molten gargoyles (Hell)
  A spectral sea snake (Shoals:4)
  12 spectral swamp worms (Tar:7)
  19 cane toads
  3 rime drakes
  A dire elephant skeleton (Crypt:3)
  An unseen horror (D:13)
  14 orange demons
  2 naga skeletons
  4 efreet
  A centaur skeleton (Pan)
  28 yaktaurs
  A sea snake zombie (Hell)
  A swamp worm zombie (Crypt:3)
  12 freezing wraiths
  3 harpy zombies
  4 komodo dragons
  An alligator snapping turtle skeleton (Crypt:3)
  9 ice devils
  2 iron giant simulacra
  5 spectral harpies
  10 tormentors
  8 tengu conjurers
  A golden dragon simulacrum (Coc:7)
  2 kobold demonologists (Crypt:1)
  8 guardian mummies (Tomb:1)
  4 red devils
  2 ancient zymes (Abyss:4)
  A grey draconian skeleton (Crypt:2)
  A merfolk zombie (Shoals:1)
  6 anaconda simulacra
  A merfolk (shapeshifter) (Vaults:4)
  3 silent spectres
  6 trolls
  38 hellwings
  7 wind drakes
  38 merfolk
  A shadow dragon simulacrum (Coc:1)
  A harpy skeleton (Crypt:3)
  7 raiju
  2 tyrant leeches
  A radroach zombie (Crypt:1)
  A tarantella (Vaults:5)
  A tyrant leech (shapeshifter) (Depths:3)
  3 hydra zombies (Hell)
  A raiju (shapeshifter) (D:15)
  16 blink frogs
  11 dream sheep
  2 hornets
  A hydra skeleton (Hell)
  10 snapping turtles
  A frost giant simulacrum (Vaults:1)
  2 centaur simulacra
  A culicivora (Vaults:4)
  94 slime creatures
  32 water elementals
  A jumping spider (Vaults:4)
  3 air elementals (Elf:1)
  2 naga simulacra
  A black mamba zombie (Crypt:3)
  An ettin skeleton (Vaults:1)
  9 wraiths
  2 wyverns
  8 vampires
  9 ynoxinuls
  An ice dragon skeleton (Pan)
  4 fire elementals
  34 yaks
  An alligator skeleton (Hell)
  4 dire elephant simulacra
  A human (shapeshifter) (Elf:2)
  27 large abominations
  2 basilisks
  A sea snake simulacrum (Hell)
  An ushabti (Tomb:1)
  10 golden eyes
  A steam dragon (shapeshifter) (Vaults:5)
  A hog (D:12)
  16 neqoxecs
  2 steam dragons
  15 chaos spawn
  2 wargs
  37 nagas
  9 vampire mosquitoes
  4 redbacks
  A warg (shapeshifter) (D:13)
  14 harpy simulacra
  6 hell hounds
  5 spatial vortices (Abyss:4)
  A skyshark zombie (Crypt:3)
  11 small abominations
  7 water moccasins
  3 acid dragons
  A demonspawn skeleton (Pan)
  A hydra simulacrum (Coc:1)
  A spectral snapping turtle (Shoals:4)
  A floating eye (Slime:4)
  Duvessa (D:7)
  A water nymph skeleton (Crypt:3)
  2 sky beasts (D:6)
  6 ice beasts
  6 black bears
  36 orc warriors
  17 ogres
  2 ettin simulacra
  12 wolves
  2 boggarts (Crypt:1)
  9 centaurs
  5 phantoms
  3 kobold brigands
  9 necrophages
  13 bullfrogs
  A gnoll sergeant (D:9)
  4 earth elementals
  4 scorpions
  A cyclops zombie (Shoals:1)
  8 wights
  Dowan (D:7)
  3 lindwurm simulacra (IceCv)
  5 killer bees (D:8)
  3 electric eels (Lair:5)
  6 howler monkeys
  A troll skeleton (Crypt:3)
  A centaur zombie (Crypt:3)
  A bullfrog zombie (Crypt:1)
  3 lava snakes (Lair:2)
  A hound (shapeshifter) (Depths:4)
  32 orc priests
  A sleepcap (D:8)
  2 hounds
  3 jellies
  Ijyb (D:3)
  A boggart zombie (Crypt:3)
  6 hell rats
  6 iguanas
  21 orc wizards
  A lightning spire (Zot:4)
  12 mummies (Tomb:1)
  A howler monkey zombie (Crypt:3)
  Robin (D:3)
  20 gnolls
  11 adders
  A swamp drake skeleton (Crypt:1)
  4 white imps
  An iguana zombie (Crypt:2)
  A jelly zombie (Crypt:1)
  An adder skeleton (Crypt:2)
  2 worms
  A dart slug (D:1)
  103 orcs
  8 endoplasms
  6 giant cockroaches
  19 goblins
  21 hobgoblins
  4 jackals (D:5)
  4 quokkas
  6 ball pythons
  6 bats
  5 frilled lizards
  A hobgoblin skeleton (Crypt:1)
  22 kobolds
  An orc zombie (Crypt:1)
  6 rats
  4 creeping infernos (Geh:7)
  13 fire vortices
  2 tentacles
3715 creatures vanquished.

Vanquished Creatures (collateral kills)
  2 orbs of fire (Zot:5)
  A Killer Klown (Zot:1)
  2 doom hounds (Geh:3)
  2 Brimstone Fiends
  A tentacled monstrosity (Pan)
  A titan (Coc:7)
  A draconian knight (Zot:5)
  A revenant (Tomb:1)
  An iron dragon (Elf:1)
  4 balrugs
  A draconian scorcher (Zot:2)
  A cacodemon (Pan)
  A draconian annihilator (Zot:3)
  A demonspawn blood saint (Pan)
  A very ugly thing (Pan)
  2 elemental wellsprings (Coc:7)
  2 green draconians
  A yellow draconian (Zot:5)
  A purple draconian (Zot:4)
  2 red draconians
  A great orb of eyes (Slime:5)
  A rakshasa (Pan)
  A salamander tyrant (Geh:7)
  A caustic shrike simulacrum (Coc:7)
  A juggernaut simulacrum (Coc:7)
  2 sun demons (Hell)
  A hell knight (Hell)
  A glowing orange brain (Pan)
  A spectral hydra (Tar:6)
  A moth of wrath (Zot:1)
  A guardian serpent (Snake:3)
  3 orange demons (Pan)
  A rust devil (Depths:1)
  A titan simulacrum (Coc:7)
  2 apocalypse crabs (Geh:3)
  2 hellions (Geh:3)
  An anaconda simulacrum (Coc:7)
  2 efreet (Pan)
  2 hellwings (Pan)
  4 golden eyes (Pan)
  2 chaos spawn (Pan)
  2 neqoxecs (Pan)
  A spectral snapping turtle (Shoals:4)
  A harpy simulacrum (Coc:7)
  A floating eye (Pan)
66 creatures vanquished.

Vanquished Creatures (others)
  A Brimstone Fiend (Geh:7)
  A balrug (Pan)
  2 draconian scorchers
  A draconian shifter (Zot:4)
  3 shard shrike simulacra (Coc:7)
  A draconian stormcaller (Zot:2)
  A demonspawn corrupter (Pan)
  3 cacodemons (Pan)
  A very ugly thing (Pan)
  A black draconian (Zot:4)
  2 purple draconians (Zot:2)
  A white draconian (Zot:2)
  3 yellow draconians
  A wendigo (Coc:7)
  A deep elf high priest (Elf:3)
  A caustic shrike simulacrum (Coc:7)
  A merfolk aquamancer (Shoals:3)
  A juggernaut simulacrum (Coc:7)
  2 quicksilver dragon simulacra (Coc:7)
  A spriggan simulacrum (Coc:7)
  A harpy (Shoals:4)
  An apocalypse crab (Geh:3)
  A vault sentinel (Vaults:2)
  A titan simulacrum (Coc:1)
  4 hellions (Geh:3)
  An anaconda simulacrum (Coc:7)
  An iron giant simulacrum (Coc:7)
  A wraith (Abyss:4)
  A dire elephant simulacrum (Coc:7)
  A neqoxec (Depths:1)
  A naga (Snake:4)
  An ettin simulacrum (Coc:7)
  Crazy Yiuf (D:1)
  An orc wizard (Orc:1)
  A hell rat (Hell)
  2 orcs (Elf:1)
  3 fire vortices
  3 foxfires (Abyss:4)
  9 tentacles
64 creatures vanquished.

Grand Total: 3845 creatures vanquished

Notes
Turn   | Place    | Note
-------+----------+-------------------------------------------
     0 | D:1      | Nonny the Merfolk Gladiator began the quest for the Orb.
     0 | D:1      | Reached XP level 1. HP: 16/16 MP: 1/1
   217 | D:1      | Reached XP level 2. HP: 13/22 MP: 2/2
   264 | D:1      | scarf of shadows north of start
   297 | D:1      | Reached skill level 1 in Stealth
   527 | D:1      | Reached XP level 3. HP: 25/27 MP: 3/3
   875 | D:2      | Bridge vault.
  1270 | D:3      | Reached XP level 4. HP: 33/33 MP: 4/4
  1282 | D:3      | Found a sparkling altar of Nemelex Xobeh.
  1408 | D:3      | Checkerboard walls vault; only contains 18 gold pieces.
  1479 | D:3      | Found a faded altar of an unknown god.
  1523 | D:4      | Reached skill level 5 in Long Blades
  1523 | D:4      | Reached skill level 5 in Dodging
  1709 | D:4      | Found a staircase to the Ecumenical Temple.
  1735 | D:4      | Reached XP level 5. HP: 33/38 MP: 5/5
  1738 | Temple   | Entered the Ecumenical Temple
  2049 | D:4      | Reached XP level 6. HP: 44/44 MP: 6/6
  2196 | D:4      | amulet of acrobat in east
  2281 | D:4      | Noticed a black bear
  2302 | D:4      | Killed a black bear
  2654 | D:2      | Found Jumaot's Distillery.
  2799 | D:3      | Noticed Robin
  2799 | D:3      | Noticed Ijyb
  2821 | D:3      | Paralysed by Ijyb for 2 turns
  2828 | D:3      | Killed Ijyb
  2842 | D:3      | Killed Robin
  3067 | D:3      | Found a snail-covered altar of Cheibriados.
  3180 | D:3      | Noticed a black bear
  3197 | D:3      | Killed a black bear
  3198 | D:3      | Reached XP level 7. HP: 41/50 MP: 7/7
  3594 | D:3      | Found a runed translucent door.
  3595 | D:3      | Noticed Crazy Yiuf
  4225 | D:5      | Entered Level 5 of the Dungeon
  4521 | D:5      | Found Dorazuk's Armour Boutique.
  4685 | D:5      | Reached XP level 8. HP: 47/56 MP: 8/8
  5157 | D:5      | Found a runed translucent door.
  5171 | D:5      | Noticed PredatorCatcher's ghost (novice DjVM)
  5261 | D:5      | Found Hahileih's Distillery.
  6736 | D:6      | Found a runed translucent door.
  6739 | D:6      | Noticed Esekla's ghost (novice DEWn)
  7007 | D:6      | Reached XP level 9. HP: 46/64 MP: 9/9
  7199 | D:6      | Found a radiant altar of Vehumet.
  7488 | D:7      | Reached skill level 5 in Throwing
  7822 | D:7      | Reached skill level 10 in Dodging
  8195 | D:7      | Reached skill level 10 in Long Blades
  8533 | D:7      | Found Banox's Antique Armour Emporium.
  8620 | D:7      | rPois ring in east
  8639 | D:7      | Noticed Duvessa
  8686 | D:7      | Noticed Dowan
  8823 | D:8      | Noticed a two-headed ogre
  8891 | D:8      | Killed a two-headed ogre
  8892 | D:8      | Reached skill level 5 in Fighting
  8892 | D:8      | Reached XP level 10. HP: 60/74 MP: 10/10
  9779 | D:8      | Found a glowing golden altar of the Shining One.
 10944 | D:9      | Paralysed by a hornet for 3 turns
 10949 | D:9      | Reached skill level 1 in Evocations
 10949 | D:9      | Hornet is scary, even with rPois.
 11662 | D:9      | Noticed a death yak
 11807 | D:9      | Killed a death yak
 11883 | D:9      | Found a blossoming altar of Fedhas.
 11884 | D:9      | Found an iron altar of Okawaru.
 11885 | D:9      | Found an opulent altar of Gozag.
 11886 | D:9      | Found a shadowy altar of Dithmenos.
 11892 | D:9      | Found a broken altar of Ashenzari.
 11895 | D:9      | Became a worshipper of Dithmenos the Shadowed
 11900 | D:9      | Found a stormy altar of Qazlal.
 11951 | D:9      | Reached XP level 11. HP: 50/83 MP: 11/11
 12267 | D:9      | Found a staircase to the Lair.
 12524 | D:9      | Found an ornate altar of the Wu Jian Council.
 12541 | D:9      | Comfy altar vault. :)
 13079 | D:10     | Entered Level 10 of the Dungeon
 13080 | D:10     | Icy floor.
 13282 | D:10     | Reached * piety under Dithmenos
 13425 | D:10     | Noticed Fannar
 13617 | D:10     | amulet of regen in east
 13715 | D:10     | Noticed Snorg
 13779 | D:10     | Killed Snorg
 14356 | D:10     | Reached skill level 5 in Stealth
 14931 | D:10     | condenser vane at center of floor
 15379 | D:11     | Noticed a tengu warrior
 15379 | D:11     | Noticed a centaur warrior
 15423 | D:11     | Reached ** piety under Dithmenos
 15878 | D:12     | Found a portal to a secret trove of treasure.
 15971 | D:12     | Noticed a manticore
 15975 | D:12     | Killed a manticore
 16091 | D:12     | Noticed Nergalle
 16132 | D:12     | Noticed a spectral orc warlord
 16137 | D:12     | Killed Nergalle
 16138 | D:12     | Reached XP level 12. HP: 79/94 MP: 12/12
 16248 | D:12     | Noticed Kirke
 16280 | D:12     | Killed Kirke
 16406 | D:12     | Found a staircase to the Orcish Mines.
 16437 | D:12     | Gold dragon scales in northwest.
 16567 | D:12     | Identified a scroll of acquirement
 16567 | D:12     | Acquired the +3 warlock's mirror {omnireflect}
 16567 | D:12     | Found the +3 warlock's mirror {omnireflect}
 16578 | Orc:1    | Entered Level 1 of the Orcish Mines
 16864 | D:5      | Bought the +2 hood of the Assassin {Detect Stab+ Stlth++}
                  | for 660 gold pieces
 16864 | D:5      | Found the +2 hood of the Assassin {Detect Stab+ Stlth++}
 16908 | D:5      | Killed PredatorCatcher's ghost
 17025 | D:6      | Killed Esekla's ghost
 17101 | D:7      | Killed Duvessa
 17121 | D:7      | Killed Dowan
 17816 | Orc:2    | Entered Level 2 of the Orcish Mines
 17896 | Orc:1    | Reached skill level 1 in Shields
 17914 | Orc:1    | Reached *** piety under Dithmenos
 18157 | Orc:2    | Found a staircase to the Elven Halls.
 18496 | Orc:2    | Noticed a sun demon
 18512 | Orc:2    | Killed a sun demon
 18565 | Orc:2    | Reached skill level 10 in Fighting
 18617 | Orc:2    | Found Qugitoil's Distillery.
 18618 | Orc:2    | Found Desuatog's Magic Scroll Emporium.
 18704 | Orc:2    | Reached **** piety under Dithmenos
 18739 | Orc:2    | Noticed a soul eater
 18850 | Orc:2    | Killed a soul eater
 18871 | Orc:2    | Bought a scroll of blinking for 120 gold pieces
 18871 | Orc:2    | Bought a scroll of fear for 64 gold pieces
 19418 | Orc:2    | Found an iron altar of Okawaru.
 19632 | Orc:2    | Reached XP level 13. HP: 104/104 MP: 13/13
 19682 | Orc:2    | Reached ***** piety under Dithmenos
 20711 | Orc:2    | Reached skill level 15 in Dodging
 20800 | Orc:2    | Reached skill level 5 in Shields
 21410 | Orc:2    | Reached skill level 1 in Armour
 21671 | Orc:2    | Found Rohurphu's Antique Armour Shop.
 21671 | Orc:2    | Found Waneops's Jewellery Boutique.
 21743 | Orc:2    | Found a one-way gate leading to the halls of Pandemonium.
 22261 | D:13     | Found a transporter.
 22263 | D:13     | Noticed a brown very ugly thing
 22333 | D:13     | Noticed Frances
 22343 | D:13     | Killed Frances
 22451 | D:13     | Found a transporter.
 22748 | Lair:1   | Entered Level 1 of the Lair of Beasts
 22996 | D:10     | Killed Fannar
 23089 | Lair:1   | Identified the +1 ring mail of Spite {+Blink Str+3 Stlth+}
 23247 | Lair:1   | Identified the +4 scale mail of Poannay {Rampage}
 23469 | Lair:1   | Noticed Gastronok
 23472 | Lair:1   | Killed Gastronok
 23473 | Lair:1   | Reached skill level 5 in Evocations
 23473 | Lair:1   | Reached XP level 14. HP: 114/114 MP: 14/14
 23591 | Lair:1   | Identified the +3 leather armour "Biyddett" {Str+3}
 24103 | Lair:2   | Found a staircase to the Snake Pit.
 24104 | Lair:2   | Fiery Snake Pit entrance.
 25095 | Lair:3   | Found a staircase to the Shoals.
 25098 | Lair:3   | Centaur shoals entrance
 25179 | Lair:3   | Reached skill level 5 in Armour
 25902 | Orc:2    | Bought a scroll of acquirement for 832 gold pieces
 25902 | Orc:2    | Acquired the +4 pair of boots "Zivosix" {Rampage Str-4
                  | Dex+3}
 26172 | Lair:4   | Found a staircase to the Slime Pits.
 27086 | Lair:5   | Entered Level 5 of the Lair of Beasts
 27139 | Lair:4   | The downstairs closest to northeast on Lair:4 leads to
                  | elephants and dream sheep, among other enemies.
 27181 | Lair:4   | Reached ****** piety under Dithmenos
 27196 | Lair:4   | Downstairs closest to southwest leads to various frogs and
                  | water
 27429 | Lair:5   | Identified the +2 hand axe of Exhibitionism {freeze, rElec}
 27458 | Lair:5   | Reached skill level 1 in Invocations
 27458 | Lair:5   | Reached XP level 15. HP: 114/127 MP: 15/15
 27559 | Lair:5   | Reached skill level 10 in Throwing
 27865 | Lair:5   | Reached skill level 15 in Fighting
 28799 | Snake:1  | Entered Level 1 of the Snake Pit
 29279 | Snake:1  | Reached skill level 10 in Stealth
 30037 | Snake:2  | You fall into a shaft and drop 1 floor!
 30100 | Snake:3  | Reached XP level 16. HP: 139/139 MP: 18/18
 30174 | Snake:3  | Found a transporter.
 30364 | Snake:3  | Found a transporter.
 30555 | Snake:3  | Identified the +0 helmet of the Apricot {rN+ Dex+6 Slay-4
                  | SInv}
 31285 | Snake:2  | Noticed a nagaraja
 31611 | Snake:2  | Killed a nagaraja
 32155 | Snake:4  | Entered Level 4 of the Snake Pit
 32206 | Snake:4  | Noticed Aizul
 32212 | Snake:4  | Killed Aizul
 32459 | Snake:4  | Noticed a nagaraja
 32462 | Snake:4  | Killed a nagaraja
 33273 | Snake:4  | Reached XP level 17. HP: 149/149 MP: 20/20
 33284 | Snake:4  | Lava (salamander) ending
 33890 | Snake:4  | Reached skill level 5 in Invocations
 34389 | Snake:4  | Got a serpentine rune of Zot
 34689 | Snake:3  | Identified the +0 pair of gloves of Yredelemnul's Reproof
                  | {rF+ Str+2}
 34975 | D:11     | BTW, D:11 is a wide-open floor.
 35087 | D:13     | Noticed a titan
 35087 | D:13     | Found a corrupted altar of Lugonu.
 35243 | D:13     | Noticed Jorgrun
 35247 | D:13     | Killed Jorgrun
 35259 | D:13     | Noticed Rupert
 35261 | D:13     | Paralysed by Rupert for 5 turns
 35300 | D:13     | Killed Rupert
 35611 | D:14     | Vault: 2 catoblepases and 2 manticores
 35663 | D:14     | Found Soqisaci's Book Boutique.
 35771 | D:14     | Found an opulent altar of Gozag.
 35938 | D:14     | Noticed Lodul
 35943 | D:14     | Reached skill level 15 in Stealth
 35952 | D:14     | Killed Lodul
 36141 | D:14     | Reached XP level 18. HP: 160/160 MP: 21/21
 36342 | D:14     | Found a gate to the Vaults.
 36512 | D:15     | Entered Level 15 of the Dungeon
 37068 | D:15     | Found a staircase to the Depths.
 37306 | D:15     | Noticed Agnes
 37310 | D:15     | Killed Agnes
 37782 | Vaults:1 | Entered Level 1 of the Vaults
 37989 | Vaults:1 | Found a transporter.
 37990 | Vaults:1 | Found Beolucoj's Book Shoppe.
 38011 | Vaults:1 | Found a transporter.
 38163 | Vaults:1 | Identified the +2 chain mail of Ru's Brutal Revenge {Contam
                  | rF++ Regen+ MP+9}
 38385 | Vaults:1 | Reached skill level 10 in Shields
 38879 | Vaults:1 | Reached XP level 19. HP: 118/170 MP: 22/22
 39315 | Vaults:1 | Identified the +0 quarterstaff "Wiad" {drain, *Rage +Blink
                  | rElec rPois}
 39746 | Shoals:1 | Entered Level 1 of the Shoals
 39848 | Shoals:1 | Resist + Haste from Apocalypse Crab B)
 39997 | Shoals:1 | Found Uxabb's Jewellery Shop.
 40006 | Shoals:1 | Bought the ring of Midwinter {Fly rElec Str+5 Int-2} for
                  | 604 gold pieces
 40263 | Shoals:1 | Found Lesiazuo's General Store.
 40271 | Shoals:1 | Bought a phial of floods for 560 gold pieces
 40273 | Shoals:1 | Bought a potion of heal wounds for 70 gold pieces
 40273 | Shoals:1 | Bought a scroll of blinking for 105 gold pieces
 40297 | Shoals:1 | Found a runed translucent door.
 40302 | Shoals:1 | Found a corrupted altar of Lugonu.
 40302 | Shoals:1 | Found a one-way gate to the infinite horrors of the Abyss.
 40304 | Shoals:1 | Abyssal vault
 40322 | Shoals:1 | Found Xetsip's Weapon Boutique.
 40522 | Shoals:1 | Acquired a manual of Throwing
 40633 | Shoals:2 | Noticed Nikola
 40655 | Shoals:1 | Killed Nikola
 40657 | Shoals:1 | Dude didn't even cast a spell. No antimagic or silence on
                  | me!
 40657 | Shoals:1 | Oh wait. He did blink.
 40728 | Shoals:2 | Found a runed translucent gate.
 40728 | Shoals:2 | Found a runed translucent gate.
 40729 | Shoals:2 | Found a runed translucent gate.
 40732 | Shoals:2 | Noticed wWBigheadWw's ghost (journeyman MiBe)
 40732 | Shoals:2 | Noticed Xoroc's ghost (adept HuFi)
 40807 | Shoals:1 | Killed Xoroc's ghost
 40865 | Shoals:1 | Killed wWBigheadWw's ghost
 41422 | Shoals:2 | Identified the +0 helmet "Dios Ewk" {MP-9 Dex+9}
 42117 | Shoals:3 | Found Jualyq Cilo's Assorted Antiques.
 42124 | Shoals:3 | Bought a scroll of blinking for 225 gold pieces
 42165 | Shoals:3 | Noticed Louise
 42290 | Shoals:3 | Killed Louise
 42327 | Shoals:3 | scroll of acquirement in east
 42327 | Shoals:3 | Acquired the +5 scimitar "Jiwaynn" {freeze, Will++ rCorr
                  | Int+7}
 42341 | Shoals:3 | Found Qooryps's Magic Scroll Shop.
 42351 | Shoals:3 | Found the amulet of the Air {Inacc Air Fly rElec RMsl}
 42352 | Shoals:3 | Bought a scroll of teleportation for 39 gold pieces
 42352 | Shoals:3 | Bought a scroll of fear for 52 gold pieces
 42378 | Shoals:3 | amulet of the air towards southeast
 42395 | Shoals:3 | Bought a scroll of butterflies for 52 gold pieces
 42540 | Shoals:3 | Noticed Polyphemus
 42555 | Shoals:3 | Killed Polyphemus
 42748 | Shoals:4 | Entered Level 4 of the Shoals
 42927 | Shoals:4 | Identified the +3 war axe "Waviony" {protect, rElec rF-
                  | Will+ Str+3}
 43135 | Shoals:4 | Reached XP level 20. HP: 180/182 MP: 23/23
 43160 | Shoals:4 | Got a barnacled rune of Zot
 43161 | Shoals:4 | Rune in northeastern vault. Beware of javelineers,
                  | aquamancer, among other enemies.
 43350 | Shoals:4 | ring of flight in northwestern chamber
 43391 | Shoals:4 | Found a transporter.
 43391 | Shoals:4 | Found a transporter.
 43392 | Shoals:4 | Noticed Pooter's ghost (adept MiBe)
 43461 | Shoals:4 | Found a glowing silver altar of Zin.
 43534 | Shoals:4 | Reached skill level 15 in Throwing
 43749 | Shoals:4 | Found a hazy altar of Hepliaklqana.
 44026 | Shoals:4 | Killed Pooter's ghost
 44061 | Shoals:4 | Identified the ring "Qopnus" {Ice Will+}
 44388 | Elf:1    | Entered Level 1 of the Elven Halls
 44444 | Elf:1    | TWO FREAKING POTIONS OF EXPERIENCE!
 44445 | Elf:1    | Reached XP level 21. HP: 184/184 MP: 24/24
 44446 | Elf:1    | Reached XP level 22. HP: 191/191 MP: 25/25
 44468 | Elf:1    | Paralysed by an air elemental for 1 turns
 45018 | Elf:1    | Found a runed translucent gate.
 45018 | Elf:1    | Found a runed translucent gate.
 45018 | Elf:1    | Found a runed translucent gate.
 45018 | Elf:1    | Found a runed translucent gate.
 45019 | Elf:1    | Found a runed translucent gate.
 45019 | Elf:1    | Found a runed translucent gate.
 45032 | Elf:1    | Dragon storage? Northeastern vault. Pretty nasty.
 45058 | Elf:1    | Reached skill level 10 in Evocations
 45560 | Elf:2    | Found a runed translucent door.
 45665 | Elf:2    | Found a runed translucent door.
 45782 | Elf:3    | Entered Level 3 of the Elven Halls
 45817 | Elf:3    | Found a frozen archway.
 45825 | IceCv    | Entered an ice cave
 45832 | IceCv    | Found a transporter.
 45872 | IceCv    | Found a transporter.
 45913 | IceCv    | Ice cave: open one with lots of simulacra and very ugly
                  | thing. Also orange statue and ice wraiths.
 45985 | Elf:3    | Both portals in northwest quadrant, btw.
 46112 | Elf:3    | Found a magical portal.
 46120 | WizLab   | Entered Yara's Duelist Academy
 46306 | WizLab   | Noticed Zylipiuq
 46312 | WizLab   | Killed Zylipiuq the Head Instructor
 46505 | WizLab   | Worth a visit for some things. I stabbed nearly everone in
                  | here. ;)
 46910 | Elf:3    | Abominations vault.
 47081 | Elf:3    | Reached XP level 23. HP: 175/207 MP: 26/26
 47465 | Elf:3    | Identified the amulet of Juysaica {Acrobat MP+9}
 47577 | Elf:3    | Identified the ring "Mefesoq" {Fly rElec Will+ Str+6 Dex-4}
 47578 | Elf:3    | Identified the amulet "Suvos" {Spirit Will+ Int+3}
 48129 | Elf:3    | Identified the +9 chain mail "Inirghyx" {Will+ Str-5 SInv}
 48133 | Elf:3    | Identified the staff of death "Rinel" {rF++ rN+}
 48139 | Elf:3    | Got the Lessons on the Syncline and Evolution
 48160 | Elf:3    | Identified the staff of earth "Meck" {rC+}
 48165 | Elf:3    | Identified the +3 quarterstaff "Roesab" {vamp, rN+}
 48176 | Elf:3    | Identified the +0 robe "Fenirihe" {rN+ Int+4 Dex-2 Stlth+}
 48619 | Elf:2    | Noticed Zenata
 48926 | Depths:1 | Entered Level 1 of the Depths
 48969 | Depths:1 | Identified the +1 mace of Guilt {freeze, Dex+2 SInv}
 49230 | Depths:1 | Pan entrance just east of Depths entrance/exit.
 49557 | Depths:1 | You fall into a shaft and drop 1 floor!
 49557 | Depths:2 | Found Ihathrura's Antique Weapon Emporium.
 49662 | Depths:2 | Noticed Grunn
 49889 | Depths:2 | Found a gateway to Hell.
 49898 | Depths:2 | Hell vault in northeast; contains ugly things
 50073 | Depths:2 | Found Counuec's Book Emporium.
 50252 | Depths:2 | Found a hazy altar of Hepliaklqana.
 50961 | Depths:2 | Reached XP level 24. HP: 219/219 MP: 26/26
 51432 | Depths:1 | Found a bloodstained altar of Trog.
 51683 | Depths:3 | Learned a level 2 spell: Blink
 51905 | Depths:3 | Noticed a caustic shrike
 52022 | Depths:3 | Killed a caustic shrike
 52040 | Depths:3 | Noticed a caustic shrike
 52057 | Depths:3 | Killed a caustic shrike
 52159 | Depths:3 | Identified the ring of Fokhlor {rF+ rN++ Str-5}
 52180 | Depths:3 | Identified the +10 spear "Qiwipn" {venom, Int+3 SInv}
 52499 | Depths:3 | Reached skill level 1 in Translocations
 53182 | Depths:4 | Entered Level 4 of the Depths
 53630 | Depths:4 | River vault
 54229 | Depths:4 | Found Ulamush's Weapon Shop.
 54233 | Depths:4 | Found Rooleche's Antique Weapon Boutique.
 54450 | Depths:4 | Found a one-way gateway to a ziggurat.
 54892 | Depths:4 | Found a gate to the Realm of Zot.
 55382 | Vaults:2 | Found a flickering gateway to a bazaar.
 55399 | Bazaar   | Entered a bazaar
 55399 | Bazaar   | Found Vueloj's Antique Armour Shop.
 55399 | Bazaar   | Found Zuokhar's Antique Weapon Shop.
 55428 | Bazaar   | Bought a pair of shimmering boots for 266 gold pieces
 55428 | Bazaar   | Identified the +1 pair of boots of the Yeti {Slay+3} (You
                  | bought it in a shop in a bazaar)
 55435 | Bazaar   | Found Rid Maum's General Store.
 55442 | Bazaar   | Bought a potion of cancellation for 96 gold pieces
 55442 | Bazaar   | Bought a potion of cancellation for 96 gold pieces
 55442 | Bazaar   | Bought a scroll of butterflies for 48 gold pieces
 55442 | Bazaar   | Bought a wand of polymorph (8) for 134 gold pieces
 55470 | Vaults:2 | Noticed Sojobo
 55473 | Vaults:2 | Reached XP level 25. HP: 197/230 MP: 26/26
 55503 | Vaults:2 | Killed Sojobo
 55507 | Vaults:2 | Noticed Mara
 55529 | Vaults:2 | Killed Mara
 55758 | Vaults:2 | Found Doeps's Book Shop.
 55924 | Vaults:2 | You fall into a shaft and drop 1 floor!
 56435 | Vaults:3 | Reached skill level 5 in Translocations
 56780 | Vaults:3 | Found Veure's Assorted Antiques.
 56799 | Vaults:3 | Bought a potion of curing for 126 gold pieces
 56799 | Vaults:3 | Bought a potion of mutation for 336 gold pieces
 57162 | Vaults:2 | Noticed Jory
 57448 | Vaults:2 | Found Lorheoko's Weapon Shop.
 57733 | Vaults:1 | Reached skill level 15 in Long Blades
 58140 | Vaults:2 | Found Juxite's Antique Weapon Shoppe.
 58461 | Vaults:2 | Found Xitae's Book Emporium.
 58468 | Vaults:2 | 1280 gold for manual of fighting
 58795 | Vaults:2 | Found a staircase to the Crypt.
 59177 | Slime:1  | Entered Level 1 of the Pits of Slime
 59981 | Slime:5  | Entered Level 5 of the Pits of Slime
 60060 | Slime:5  | Noticed the Royal Jelly
 60170 | Slime:5  | Killed the Royal Jelly
 60171 | Slime:5  | Reached XP level 26. HP: 179/240 MP: 26/26
 60769 | Slime:5  | Got a slimy rune of Zot
 61077 | Slime:5  | Found the +6 Majin-Bo {spellvamp, MP+6 Int+6}
 61107 | Slime:5  | Identified the +6 scale mail "Mam Dupn" {Regen+}
 61179 | Slime:5  | Identified the +5 short sword of Exquisite Death {holy, rF-
                  | Int+5 Dex+4 SInv}
 61187 | Slime:5  | Identified the amulet of the Genius {Spirit Harm *Slow
                  | rCorr Stlth+}
 61197 | Slime:5  | Identified the ring of Xoruukup {rN+ rCorr}
 61211 | Slime:5  | Identified the +10 arbalest "Earthworm" {heavy, Fly Will+
                  | Str+3 Dex+2}
 61220 | Slime:5  | Identified the +3 hand axe of Death's Door {antimagic,
                  | +Blink rN++}
 61266 | Slime:5  | Got the Atlas of the Xenotype and Beckoning
 61612 | D:12     | You showed the slimy rune of Zot to enter a treasure trove
 61613 | Trove    | Entered a treasure trove
 61618 | Trove    | Found the sphere of Battle
 61639 | Trove    | Identified the +1 cloak of the Stallion {rN+ Regen+}
 61656 | Trove    | Identified the ring "Uteraehu" {rC++ rN+ rCorr MP-9 Str+2}
 62290 | Vaults:4 | Identified the +6 dagger of the Illusory Visions
                  | {antimagic, rF+}
 62487 | Vaults:4 | Noticed Xtahua
 62493 | Vaults:4 | Killed Xtahua
 63440 | Vaults:5 | Entered Level 5 of the Vaults
 63579 | Vaults:5 | Found Kisoll's Distillery.
 63583 | Vaults:5 | Bought a potion of curing for 60 gold pieces
 64336 | Vaults:5 | Noticed an ancient lich
 64342 | Vaults:5 | Killed an ancient lich
 64392 | Vaults:5 | Identified the amulet of Terra Nullius {Faith -Tele rElec
                  | rC+}
 64499 | Vaults:5 | Identified the staff of cold "Zabidymui" {rC+ Str+3}
 64849 | Vaults:5 | Identified the +1 rapier "Ultimatum" {drain, Drain rC++
                  | rCorr Str+2}
 64851 | Vaults:5 | Got a silver rune of Zot
 64852 | Vaults:5 | Silver rune in southeast.
 64875 | Vaults:5 | Ironbound convoker in THE ABSOLUTE SOUTHEAST CORNER.
 64984 | Vaults:5 | manual of staves
 65033 | Vaults:5 | Reached XP level 27. HP: 246/246 MP: 26/26
 66233 | Depths:2 | Killed Grunn
 66632 | Depths:3 | Voluntarily entered the Abyss.
 66816 | Abyss:4  | Found a corrupted altar of Lugonu.
 66840 | Abyss:4  | Noticed a dread lich
 66843 | Abyss:4  | Killed a dread lich
 67094 | Depths:3 | Escaped the Abyss
 67096 | Depths:3 | Voluntarily entered the Abyss.
 67163 | Abyss:4  | Found a corrupted altar of Lugonu.
 67171 | Abyss:4  | Got an abyssal rune of Zot
 67194 | Abyss:4  | Found a corrupted altar of Lugonu.
 67314 | Depths:3 | Escaped the Abyss
 67506 | Zot:1    | Entered Level 1 of the Realm of Zot
 67507 | Zot:1    | Slimy - Silver - Abyssal
 67880 | Crypt:1  | Entered Level 1 of the Crypt
 67880 | Crypt:1  | Noticed Saint Roka
 67908 | Crypt:1  | Killed Saint Roka
 68241 | Crypt:1  | Found a shimmering blue altar of Sif Muna.
 68321 | Crypt:1  | manual of summonings
 68350 | Crypt:1  | Identified the ring of Kint {*Corrode Will++ SInv Stlth+}
 68429 | Crypt:1  | Summoners' vault in south.
 68484 | Crypt:1  | Found a large runed translucent door.
 68484 | Crypt:1  | Found a large runed translucent door.
 68916 | Crypt:1  | Noticed MrSquiggles's ghost (veteran DsCj)
 68932 | Crypt:1  | Killed MrSquiggles's ghost
 68940 | Crypt:1  | Identified the staff of cold "Liuskoim" {rC+ Int+5}
 69138 | Crypt:2  | Learned a level 1 spell: Apportation
 69150 | Crypt:2  | Learned a level 2 spell: Lesser Beckoning
 69155 | Crypt:2  | Learned a level 4 spell: Manifold Assault
 69161 | Crypt:2  | Learned a level 4 spell: Summon Ice Beast
 69292 | Crypt:2  | Noticed Vv
 69356 | Crypt:1  | Killed Vv
 69357 | Crypt:1  | Reached skill level 1 in Summonings
 69418 | Crypt:2  | Reached skill level 1 in Ice Magic
 69424 | Crypt:3  | Entered Level 3 of the Crypt
 70181 | Crypt:3  | Found a staircase to the Tomb.
 70256 | Tomb:1   | Entered Level 1 of the Tomb of the Ancients
 70406 | Tomb:1   | Reached skill level 5 in Summonings
 70548 | Tomb:1   | Got Jitsaqaawk's Meditations on Gloom
 70951 | Tomb:1   | Identified the +1 falchion of the Shining Light {antimagic,
                  | rF- rC+ rN+}
 71349 | Tomb:1   | Identified the +5 long sword of the Big Fish {holy, rPois
                  | Int+3}
 71681 | Crypt:3  | Reached skill level 5 in Ice Magic
 71684 | Crypt:3  | Paralysed by a vampire knight for 5 turns
 71910 | Crypt:3  | Found a basalt altar of Yredelemnul.
 71910 | Crypt:3  | Found an ancient bone altar of Kikubaaqudgha.
 71970 | Crypt:3  | curse toe and bone dragon
 71980 | Crypt:3  | Identified the +4 spear "Nastinn" {flame, Fly rElec rC+}
 71983 | Crypt:3  | Got Sif Muna's Directory of Dark Arts and the Salvo
 71992 | Crypt:3  | +1 barding of fire resistance
 72040 | Crypt:3  | Identified the +6 scale mail "Zopliashru" {Contam rF- rCorr
                  | Dex+7}
 72135 | Crypt:2  | I will spare you, deep dwarf skeleton. :)
 73033 | Hell     | Entered the Vestibule of Hell
 73033 | Hell     | Noticed Geryon
 73035 | Hell     | Killed Geryon
 73196 | Hell     | Found a gateway to the decaying netherworld of Tartarus.
 73242 | Hell     | Found a gateway to the ashen valley of Gehenna.
 73595 | Hell     | Reached skill level 10 in Summonings
 73669 | Hell     | Found a gateway to the freezing wastes of Cocytus.
 73813 | Hell     | Found a gateway to the Iron City of Dis.
 74761 | Hell     | Geh - west, Dis - north, Coc - east, Tar - south
 74795 | Coc:1    | Entered Level 1 of Cocytus
 74930 | Coc:1    | Noticed a dread lich
 74957 | Coc:1    | Paralysed by a wendigo for 1 turns
 74973 | Coc:1    | Killed a dread lich
 75032 | Coc:1    | Stairs south of entrance. Lots of enemies and traps,
                  | though.
 75207 | Coc:2    | You fall into a shaft and drop 2 floors!
 75271 | Coc:4    | Paralysed by a wendigo for 1 turns
 75471 | Coc:4    | Reached skill level 10 in Armour
 75538 | Coc:4    | Stairs west of entrance. Nasty floor, though!
 76012 | Coc:5    | Reached skill level 15 in Evocations
 76220 | Coc:5    | Paralysed by a wendigo for 1 turns
 76508 | Coc:5    | Stairs in west; nasty floor!
 76513 | Coc:6    | 2 hellions and wellspring spawn right next to entrance.
 77367 | Coc:6    | Stairs west of entrance, but this floor is quite nasty as
                  | well.
 77368 | Coc:7    | Entered Level 7 of Cocytus
 77419 | Coc:7    | Wendigo and shard shrikes spawn next to entrance!
 77419 | Coc:7    | This is the "old Cocytus" layout, which has digging walls
                  | on its outer ring and two further "layers" to go into,
                  | leading to the final fortress.
 77559 | Coc:7    | Paralysed by a wendigo for 1 turns
 77586 | Coc:7    | Paralysed by a wendigo for 1 turns
 77894 | Coc:7    | Paralysed by a wendigo for 1 turns
 78006 | Coc:7    | Noticed an ancient lich
 78015 | Coc:7    | Killed an ancient lich
 78146 | Coc:7    | Paralysed by a wendigo for 1 turns
 78574 | Coc:7    | Reached skill level 10 in Ice Magic
 78622 | Coc:7    | Paralysed by a wendigo for 1 turns
 78710 | Coc:7    | Paralysed by a wendigo for 1 turns
 79031 | Coc:7    | Paralysed by a wendigo for 1 turns
 79559 | Coc:7    | Paralysed by a wendigo for 1 turns
 80175 | Coc:7    | Noticed Antaeus
 80554 | Coc:7    | Killed Antaeus
 80731 | Coc:7    | Paralysed by a wendigo for 1 turns
 80856 | Coc:7    | Got an icy rune of Zot
 80886 | Coc:7    | Identified the +3 cloak of Foolhardiness {rC+}
 80888 | Coc:7    | Identified the +0 chain mail of Cuuh {Fly rF++ Regen+
                  | Int+3}
 81140 | Tar:1    | Entered Level 1 of Tartarus
 81476 | Zot:1    | This is a horrible jamboree at the entrance.
 84750 | Zot:2    | Reached skill level 15 in Armour
 85603 | Zot:3    | Massive jamboree in the center of floor!
 87116 | Zot:4    | electric vault in east
 87138 | Zot:5    | Entered Level 5 of the Realm of Zot
 87373 | Zot:5    | Found a stormy altar of Qazlal.
 88115 | Zot:5    | Noticed an orb of fire
 88175 | Zot:5    | Noticed an orb of fire
 88175 | Zot:5    | Noticed an orb of fire
 88380 | Depths:4 | Bought a warped hand axe for 184 gold pieces
 88380 | Depths:4 | Identified the +9 hand axe of Vudobry {venom, rPois rN+}
                  | (You bought it in a shop on level 4 of the Depths)
 88380 | Depths:4 | Bought an ivory dagger for 161 gold pieces
 88380 | Depths:4 | Identified the +7 dagger "Gipiowew" {spect, *Noise MP-9
                  | Dex+5} (You bought it in a shop on level 4 of the Depths)
 88655 | Vaults:2 | Bought a dazzling morningstar for 261 gold pieces
 88655 | Vaults:2 | Identified the +4 morningstar of Mourning {venom, Int+3}
                  | (You bought it in a shop on level 2 of the Vaults)
 89046 | Shoals:3 | Bought a fading great mace for 345 gold pieces
 89046 | Shoals:3 | Identified the +2 great mace of the Burning Asp {freeze,
                  | rC+ Will+} (You bought it in a shop on level 3 of the
                  | Shoals)
 89046 | Shoals:3 | Bought a bloodstained hand axe for 240 gold pieces
 89046 | Shoals:3 | Identified the +10 hand axe of Fate {flame, rPois Str+2
                  | Int+3 Dex-5} (You bought it in a shop on level 3 of the
                  | Shoals)
 89207 | D:7      | Bought an ancient plate armour for 672 gold pieces
 89207 | D:7      | Identified the +9 plate armour of Action {Regen+ rCorr}
                  | (You bought it in a shop on level 7 of the Dungeon)
 89207 | D:7      | Bought a transparent chain mail for 228 gold pieces
 89207 | D:7      | Identified the +1 chain mail "Muohe" {Slay+4 SInv} (You
                  | bought it in a shop on level 7 of the Dungeon)
 89207 | D:7      | Bought a shimmering ring mail for 216 gold pieces
 89207 | D:7      | Identified the +2 ring mail "Piggoov" {rElec Will- Int+3}
                  | (You bought it in a shop on level 7 of the Dungeon)
 89392 | D:2      | Bought a potion of heal wounds for 55 gold pieces
 89392 | D:2      | Bought a potion of haste for 110 gold pieces
 89392 | D:2      | Bought a potion of mutation for 88 gold pieces
 89392 | D:2      | Bought a potion of curing for 33 gold pieces
 89458 | D:5      | Bought a potion of curing for 45 gold pieces
 89458 | D:5      | Bought a potion of curing for 45 gold pieces
 89458 | D:5      | Bought a potion of curing for 45 gold pieces
 89458 | D:5      | Bought a potion of heal wounds for 75 gold pieces
 89458 | D:5      | Bought a potion of heal wounds for 75 gold pieces
 89458 | D:5      | Bought a potion of might for 60 gold pieces
 89458 | D:5      | Bought a potion of haste for 150 gold pieces
 89688 | Orc:2    | Bought a potion of curing for 36 gold pieces
 89688 | Orc:2    | Bought a potion of resistance for 120 gold pieces
 89688 | Orc:2    | Bought a potion of might for 48 gold pieces
 89688 | Orc:2    | Bought a potion of cancellation for 96 gold pieces
 89930 | D:13     | Identified the ring "Kejoynus" {rElec rC++ AC+4 Str-2
                  | Stlth-}
 90143 | Pan      | Entered the realm of Cerebov.
 90143 | Pan      | Entered Pandemonium
 90162 | Pan      | Got the Thoughts on Gaseous Graupel
 90184 | Pan      | Identified the +0 leather armour of Plasticity {MP+9}
 90192 | Pan      | Identified the +0 plate armour "Zocareuz" {Will+}
 90354 | Pan      | Identified the amulet of Paranoia {Spirit +Inv rPois}
 90358 | Pan      | Identified the ring "Hinuadoll" {rN+ Str-5 Dex+3 SInv}
 90424 | Pan      | Found the +6 sword of Cerebov {flame}
 90424 | Pan      | Noticed Cerebov
 90457 | Pan      | Killed Cerebov
 90615 | Pan      | Got a fiery rune of Zot
 91062 | Pan      | Noticed Mennas
 91131 | Pan      | Killed Mennas
 91324 | Pan      | Found an exit through the horrors of the Abyss.
 91492 | Pan      | Noticed Luorgheca the pandemonium lord
 91966 | Pan      | Noticed Vywuehui the pandemonium lord
 91971 | Pan      | Gained mutation: You sometimes lose your temper in combat.
                  | [a cacodemon]
 91974 | Pan      | Lost mutation: You sometimes lose your temper in combat.
                  | [potion of mutation]
 91974 | Pan      | Gained mutation: You expend magic power (3 MP) to
                  | strengthen your wands. [potion of mutation]
 91974 | Pan      | Gained mutation: You are weak. (Str -2) [potion of
                  | mutation]
 91974 | Pan      | Gained mutation: You have hidden genetic potential. [potion
                  | of mutation]
 91984 | Pan      | Killed Vywuehui the pandemonium lord
 91990 | Pan      | Gained mutation: Your magical capacity is low. (-10% MP) [a
                  | cacodemon]
 92002 | Pan      | Reached skill level 15 in Summonings
 92027 | Pan      | Got a demonic rune of Zot
 92039 | Pan      | Found an exit through the horrors of the Abyss.
 92767 | Pan      | Found a runed translucent door.
 92921 | Pan      | Reached skill level 1 in Spellcasting
 93238 | Pan      | Found an exit through the horrors of the Abyss.
 93471 | Pan      | Entered the realm of Mnoleg.
 93780 | Pan      | Noticed Mnoleg
 93802 | Pan      | Killed Mnoleg
 93969 | Pan      | Got a glowing rune of Zot
 94308 | Pan      | Entered the realm of Gloorx Vloq.
 94538 | Pan      | Found an exit through the horrors of the Abyss.
 94604 | Pan      | Reached skill level 5 in Spellcasting
 94903 | Pan      | Noticed Gloorx Vloq
 94911 | Pan      | Killed Gloorx Vloq
 94955 | Pan      | Got a dark rune of Zot
 95231 | Pan      | Entered the realm of Lom Lobon.
 95283 | Pan      | Found an exit through the horrors of the Abyss.
 95327 | Pan      | Gained mutation: You are strong-willed. (Will+) [hidden
                  | potential]
 95865 | Pan      | Noticed Lom Lobon
 95887 | Pan      | Killed Lom Lobon
 95900 | Pan      | Got a magical rune of Zot
 96002 | Pan      | Identified the +7 dagger "Unoxosm" {vamp, rElec rF+ rC+
                  | Will+}
 97905 | Pan      | Took an exit into the Abyss.
 97905 | Abyss:6  | Escaped into the Abyss
 97912 | Abyss:6  | Found a corrupted altar of Lugonu.
 97927 | Orc:2    | Escaped the Abyss
 98496 | Zot:5    | Found the +4 dragonskin cloak
 98496 | Zot:5    | Noticed Tiamat
 98513 | Zot:5    | Killed an orb of fire
 98514 | Zot:5    | Killed an orb of fire
 98708 | Zot:5    | Killed Tiamat
 98749 | Zot:5    | Gained mutation: You are frail. (-10% HP) [an orb of fire]
 98758 | Zot:5    | Killed an orb of fire
 98793 | Zot:5    | Killed an orb of fire
 98794 | Zot:5    | Lost mutation: You are frail. (-10% HP) [potion of
                  | mutation]
 98794 | Zot:5    | Lost mutation: You expend magic power (3 MP) to strengthen
                  | your wands. [potion of mutation]
 98794 | Zot:5    | Gained mutation: You have great hidden genetic potential.
                  | [potion of mutation]
 98794 | Zot:5    | Lost mutation: You have great hidden genetic potential.
                  | [potion of mutation]
 99996 | Tar:1    | Stairs east of start
100041 | Tar:2    | Silent spectre spawns west of entrance. Doom hounds north
                  | of it.
100089 | Tar:2    | Stairs southwest of entrance
100473 | Tar:4    | Gained mutation: Your flesh is heat resistant. (rF+)
                  | [hidden potential]
100473 | Tar:4    | Lost mutation: You have hidden genetic potential. [hidden
                  | potential expressed]
100778 | Tar:5    | Stairs simply to the left!
101738 | Tar:6    | This floor is quite scary! Many tainted leviathans and
                  | those dudes from the Salt place as well.
101893 | Tar:6    | I have used several heal wounds potions and teleport
                  | scrolls to survive.
102293 | Tar:6    | Stairs in northwest.
102294 | Tar:7    | Entered Level 7 of Tartarus
104418 | Tar:7    | Identified the +7 plate armour of Lauma {+Inv rN+++ Will-}
104424 | Tar:7    | Identified the +4 glaive of Pride {speed, Str+3 Int+4}
104955 | Tar:7    | Identified the +10 broad axe of the Pits of Slime {freeze,
                  | Fly rElec rN++ Dex-2}
104957 | Tar:7    | Identified the +6 spear of Unreason {drain, *Noise rPois
                  | Will+ Str+4}
105420 | Tar:7    | Noticed Ereshkigal
105618 | Tar:7    | Reached skill level 27 in Stealth
106587 | Tar:7    | Identified the +5 great mace of Trial by Ordeal {flame,
                  | Int+3}
106593 | Tar:7    | Got a bone rune of Zot
106594 | Tar:7    | Identified the ring "Rolok" {rPois rF+ SInv}
106604 | Tar:7    | Identified the ring of Activism {Fire Int+2}
106607 | Tar:7    | Identified the +7 great sword "Ynethr Utysch" {heavy,
                  | +Blink rCorr Int-2}
107052 | Tar:7    | Killed Ereshkigal
107333 | Geh:1    | Entered Level 1 of Gehenna
107340 | Geh:1    | Note: lots of hell hogs near entrance!
107465 | Geh:1    | Stairs in southwest
108018 | Geh:3    | This floor contains doom hounds.
109886 | Geh:3    | Reached skill level 27 in Fighting
110653 | Geh:4    | Stairs in northwest.
110781 | Geh:5    | Stairs south
110790 | Geh:6    | Stairs to the east
110791 | Geh:7    | Entered Level 7 of Gehenna
111563 | Geh:7    | Reached skill level 10 in Spellcasting
112269 | Geh:7    | Identified the staff of conjuration "Huumach" {rN+ Int+4
                  | Dex+2}
112319 | Geh:7    | Noticed the Serpent of Hell
112322 | Geh:7    | Killed the Serpent of Hell
112683 | Geh:7    | Found the +4 robe of Folly {Brill Will-∞ Int+8}
112819 | Geh:7    | Found the +13 sceptre of Asmodeus
112819 | Geh:7    | Noticed Asmodeus
112855 | Geh:7    | Killed Asmodeus
112878 | Geh:7    | Found the +3 pair of mountain boots {steadfast, rC+}
112880 | Geh:7    | Identified the staff of earth "Hiecets" {Int+7 SInv Stlth+}
112887 | Geh:7    | Identified the +7 whip "Osahy" {speed, rC+ Int+3}
112917 | Geh:7    | Identified the ring of Iceahuola {rF- rN+ Str+10 Int-3
                  | SInv}
112930 | Geh:7    | Identified the +5 flail "Naocs" {flame, rC++ Dex+2}
112933 | Geh:7    | Identified the +9 sling of Enuame {antimagic, *Slow rC+
                  | Will++ rCorr}
112943 | Geh:7    | Got an obsidian rune of Zot
113243 | Dis:1    | Entered Level 1 of the Iron City of Dis
113243 | Dis:1    | You fall into a shaft and drop 1 floor!
113503 | Dis:2    | Stairs next to entrance on this floor
113535 | Dis:3    | To reach stairs from entrance, go to the room to the left
                  | then down. Ancient champion, iron golems, and iron giant
                  | encountered along the way.
114032 | Dis:5    | Stairs in southwest; many enemies along the way, though!
114106 | Dis:6    | Stairs in west. Very enemy dense floor, though.
114107 | Dis:7    | Entered Level 7 of the Iron City of Dis
114232 | Dis:7    | Reached skill level 27 in Dodging
114898 | Dis:7    | Noticed a juggernaut
114913 | Dis:7    | Killed a juggernaut
114915 | Dis:7    | Noticed a juggernaut
114919 | Dis:7    | Killed a juggernaut
115613 | Dis:7    | Noticed a juggernaut
115624 | Dis:7    | Killed a juggernaut
116672 | Dis:7    | Identified the +1 battleaxe "Ceutico" {flame, Int+3 Dex+3}
116672 | Dis:7    | Noticed Dispater
116769 | Dis:7    | Found the orb of Dispater {+Damnation *Corrode AC+5}
116772 | Dis:7    | Killed Dispater
116795 | Dis:7    | Got an iron rune of Zot
116797 | Dis:7    | Identified the +4 war axe of Watchfulness {vamp, Drain
                  | rPois Str+3 Stlth+}
116799 | Dis:7    | Identified the staff of earth "Lazown" {Str+6 Dex+3}
117889 | Elf:2    | Killed Zenata
119079 | Zot:5    | Noticed an ancient lich
119080 | Zot:5    | Noticed an orb of fire
119081 | Zot:5    | Noticed an orb of fire
119083 | Zot:5    | Noticed an orb of fire
119083 | Zot:5    | Noticed an orb of fire
119089 | Zot:5    | Noticed an orb of fire
119095 | Zot:5    | Killed an orb of fire
119103 | Zot:5    | Killed an orb of fire
119130 | Zot:5    | Gained mutation: You are very weak. (Str -4) [an orb of
                  | fire]
119134 | Zot:5    | Killed an orb of fire
119151 | Zot:5    | Killed an orb of fire
119162 | Zot:5    | Killed an ancient lich
119165 | Zot:5    | Gained mutation: You have hidden genetic defects. [an orb
                  | of fire]
119166 | Zot:5    | Lost mutation: You have hidden genetic defects. [potion of
                  | mutation]
119166 | Zot:5    | Lost mutation: Your magical capacity is low. (-10% MP)
                  | [potion of mutation]
119166 | Zot:5    | Gained mutation: You are highly strong-willed. (Will++)
                  | [potion of mutation]
119166 | Zot:5    | Gained mutation: Your spells are a little harder to cast,
                  | but a little more powerful. [potion of mutation]
119181 | Zot:5    | Killed an orb of fire
119701 | Zot:5    | Identified the +0 helmet "Fomi" {+Blink Str+3 SInv}
119792 | Zot:5    | Noticed a dread lich
119813 | Zot:5    | Killed a dread lich
120115 | Zot:5    | Got the Orb of Zot
120261 | Depths:4 | Noticed Ysouh the pandemonium lord
120272 | Depths:4 | Killed Ysouh the pandemonium lord
120495 | D:15     | Noticed Livucess the pandemonium lord
120550 | D:12     | Noticed Itanniwk the pandemonium lord
120581 | D:12     | Killed Itanniwk the pandemonium lord
120711 | D:11     | Noticed Aklam the pandemonium lord
120716 | D:11     | Killed Aklam the pandemonium lord
120728 | D:11     | Noticed Boal the pandemonium lord
120813 | D:7      | Noticed Dycs the pandemonium lord
120816 | D:7      | Killed Dycs the pandemonium lord
121047 | D:1      | Killed Crazy Yiuf
121196 | D:1      | Noticed Aneh the pandemonium lord
121200 | D:1      | Killed Aneh the pandemonium lord
121677 | D:$      | Escaped with the Orb!

Illustrated notes ...!## # .. ..... . ^ ##. ......#...# #. ... #..##.#...# #.##.# #...#.#...####..... #.........#.....#.. #.................. #.................. ##@##.#............ #....########..... #.#...........#### ############### # ########################### #..#..#.##...##.....##..... ##..##..#.##....#....#...#. #..##.#.#...#....###...##.. ###.#.###.##....#.#........ Turn 264 on D:1: scarf of shadows north of start ##..~≈≈~.## #...~≈≈~~.# ....~~≈≈~.# .....~≈≈~.# .....~≈≈~~## # #....~~≈≈~.#.## #...88~≈≈~~88.. #.............. .......@...... ..88~~≈≈~88.. ....#~≈≈~##.# .##..~≈≈~~.## #.#~~≈≈~## #.##~≈≈~# # #~≈≈~~ Turn 875 on D:2: Bridge vault. ##.#.## #.#.#.# ##.#.## #.###.# ##.#.## #.#.#.# ##.#.## #.###.# ##.#@## #.#.# #....# ...#...# ###.###.# .. .# ### # Turn 1408 on D:3: Checkerboard walls vault; only contains 18 gold pieces. ###.### ####..... ##P.....# .. ...†.P..# .# ...P>P..# ##.# ...PP...# ##..## .......## ##....# .....### #.....# ..#### ##. #.@..# ..# #.. ##.### .## #.# #.# .########.# #.# ........#.# #.# ....###.#.# #.# ###.# #.#.######.# #.# #.†........# #.# #...######## Turn 2196 on D:4: amulet of acrobat in east .........# ####..##.# .........###....###.# .........+....### #.# ...♣♣.♣♣.###..# #.# ...♣#+#♣......# #.# ....+∩'...###+#####.### #'#♣#'#♣..............# #.#♣♣.♣♣............#.# #.##...#........@...#.# #.##.###............# # ......##............# ..#...##.)..........# ..#.#.##......^.)...# .........####+####### ....#.##### ......#.... ........... Turn 8620 on D:7: rPois ring in east .........................# .........................# ...................#####.# .........................# ............##########...# ............# #...# ............# #.#.# ............##########...# .####........)..@).......# . ..........###.......# .... #.......# ... ##.......# .. ..........# . ..##+###.).# # #.#.# #...# ......# Turn 10949 on D:9: Hornet is scary, even with rPois. ........................,,,,,,... ..############..........,,,,,,.>. #.# #.#....##..*******## #.# ######.######*,.*******## ..#### #..........~#,,,,,,,,,,.. #....# #..♣.....~~~#***********# #....# #.)_.....~~~# #..#.# #.......~~~~# #....# #.......@~~~# #....####........~~~#**** ### ###.....#..........~#,,,* #.. #.#..###.##########,,,* #.. ###......#.* *,,,,,,,* #.. ##..#####+.*******+****** ### .#..#,,,,,*,,,,,,,,,,* .#..#,,,,,*,,,,,,,,,,* ..#.#,,,,,*,,,,,,,,,,* Turn 12541 on D:9: Comfy altar vault. :) .......~~~~≈≈ .....Y.~~~≈≈~ .?......~~~.. .......~.Y.?. .........5... ..../........ .o....@...... ............. ..o.......... ............} ............. ............. ######...#### Turn 13080 on D:10: Icy floor. #..########## #............ ............. #####........ #.####### #.# #####.###############.# ......................# ................@.....# ...#################### ...# ...# ...# ...# ...# ...# ...# Turn 13617 on D:10: amulet of regen in east ###........~)~≈≈~..[......<...... #.........))).....############# #........~........# # #.................# # #.................# # #.......<.........# # #........)........# # #.................# # ###.............@...# # ....................############# ................................. ##########...################.... #...# #..## #...# #..# #...# #..# #...# #..# #...# #..# Turn 14931 on D:10: condenser vane at center of floor #### ...# ########## ##.# #........# ...# ###........# #>#######..........# ...#......#.^......# .#...######.....@.[# ...### #........# #### #........# ### #####.#### ..# .<# #.### ####+### ....# #......# ....# #......# ....# #......# Turn 16437 on D:12: Gold dragon scales in northwest. #....................... ##...................... #...................... ##......>.#######..##### ##...P##..##≈≈S{ #### # #.#..######§§≈≈ ## ##...#####..... P#. #P...##......N ... #P..###@# .##. ##..###.# ## #..##..### P..## ##....#+#.######. #..## #...............####.### ##...................... #P...................... ##....<...........>..... #...................... Turn 24104 on Lair:2: Fiery Snake Pit entrance. .....P......# #.## #...........# #..#####'.### #.### ##.### # #.##....# #.#.......# ##........# P.P.PPP...### ....$.@.....# ..P..cP.P....# PP.PPcPP.P.... ..P...cP.PYP.. ...P.>c..P.... P.P..YP..P..#. ...).P...P..# Turn 25098 on Lair:3: Centaur shoals entrance ....##.####....###..##.P#....###. ...###.####....#..............##. ...##...##.............#.....###. ...##....#.....#........#....##.. ...##....##....+.......#.....#### ...######..............#....## #P ...#######.....P#.#####......#### .....P##.#.....##†##.###....P#P#. ............<...@†............... ................................. ................................. ................................. ...#..####....#.######.##.....#.. ..###.####....### ####....P... ..# #'.##.P...# ##...P.... ..###...#.....# #######.....P#.. .........##...# #............#.. Turn 27139 on Lair:4: The downstairs closest to northeast on Lair:4 leads to elephants and dream sheep, among other enemies. #.#######..##.......#.........#.# #.....##...#P.......#............ ......###..#P........#..#.......# .......##................###.#### #..P.##.#..#P.......##...# ### # #.P#..###...........##...######## #.##'####.....#.##.##............ ............P.##†#..#P........... ................@................ ................................. ................................. ................................. .P#.............................. ###..+##....P.#...###.....#...... .#....##....#P#...##......##..#.. ##....##....###....#......##..#.. .#................###.........##. Turn 27196 on Lair:4: Downstairs closest to southwest leads to various frogs and water #...#.......##..## #...##.....####..# {{ { ##...#.....# ##.# N... { ##..#.#...## ##.#..... ###...##....# #..#....≈ .##....##...###.##..≈§§ ...............##...§≈≈ ..#######)..####...≈§§# ..# #.)...##§@≈≈≈# ..# #.)..##.§§≈§## ..# #..)##..§§≈## ..## #.)##§.§≈≈## .#.# ####).§§§## ##.#### #.)§§§## ###...## #..≈≈≈# #....###'##### ##.#....).# Turn 33284 on Snake:4: Lava (salamander) ending .)..........# #............## ##. ............###............# #. ....................###....## ##. ....................# #.....###.. ....................###.......... ................................. #................................ ##....###......>................. #....# #.....>.@................ ##....###........................ #................................ ................................. ....................###.)........ ....................# #.[...###.. ....................###....## ##. ............###............# #. ............# #............## ##. Turn 34975 on D:11: BTW, D:11 is a wide-open floor. ##.## #####...##### #...##.##..†# #..~~#.#~~).# #.~..≈.≈..~.# ##~.......~## ##≈.~~~.≈## { #..~@~..# ##≈.~~~.≈## ##~.......~## #.~..≈.≈..~.# #..~~#+#~~..# #...## ##..†# ##### ##### Turn 35611 on D:14: Vault: 2 catoblepases and 2 manticores ###....P.##...###..~~≈≈ ###..##†~P#........~~≈≈ ~...###P~~PP..>....~~≈≈ ..~.###.P~~~P##....~~≈≈ ..)~~.~~~~P~.###....~≈≈ ~~~†~~~~~~~~~###....~≈≈ ~~P~~≈~~~~~~..P....~~≈≈ ~~~P~≈~~~~~.P.†P...P≈≈≈ ~~~~~~~~~~~.P..P@~PP≈≈≈ ~~~~≈~~~~P..#.[.PPP≈≈≈≈ ~~~~≈~~~.P.PP..PPP≈≈≈≈≈ .~~~~~~[....P..PPP≈≈≈≈≈ .P~~~~~~...P...)PPP≈≈≈≈ .......###PP≈≈≈≈ P....## PP≈P.. ....P P~... Turn 39848 on Shoals:1: Resist + Haste from Apocalypse Crab B) P..P....~~~P~≈~~~~~.P. ........~~~~~~~~~~~.P. .........~~~~≈~~~~P..#. P.........~~~≈~~~.P.PP. ..........~~~~~~[....P. P....P....P~~~~~~...P.. P....P....P.~~~~....... ............P~PP.P....# P.....@......~~~.....P. .≈####+####...~~P.P.... #... #.....P...P~. #.)..Z #≈P≈.[.....P. #Z.x.x.##≈≈.......P. #.....##≈≈≈......... ##Xx..♣##≈≈......... #≈≈≈...∩!.... #≈≈≈....!.... Turn 40304 on Shoals:1: Abyssal vault

~~~~~~~~..# #..###..~~~~≈≈≈≈≈≈≈≈≈
~~~~~~~~~.###.......~~~~≈≈≈≈≈≈≈≈≈
~~~~≈~~......~~~~~.~~~~~≈≈≈≈≈≈≈≈≈
~~~~~~~.....~~~~~~~~~~~~≈≈≈≈≈≈≈≈≈
~~~~~~~....~~~~~~...~~~~≈≈≈≈≈≈≈≈≈
~~~~~~...~..~>...##..~~~≈≈≈≈≈≈≈≈≈
~~........P~P....###.~~~≈≈≈≈≈≈≈≈≈
~..###....P.##...###.~~~≈≈≈≈≈≈≈≈≈
...###..##.~P#..@....~~~≈≈≈≈≈≈≈≈≈
..~~...###P~~PP.(>..~~~~≈≈≈≈≈≈≈≈≈
..~..~.###.P~~~.##..~~~~≈≈≈≈≈≈≈≈≈
.....)~..~~~~P~~###..~~~≈≈≈≈≈≈≈≈≈
..~~~~~~~~~~~~~~###.~~~~≈≈≈≈≈≈≈≈≈
...~~P~~≈~~~~~~.....~~~~≈≈≈≈≈≈≈≈≈
...~~~P~≈~~~~~.P..P~~~P≈≈≈≈≈≈≈≈≈≈
...~~~~~~~~~~~.P..P~~PP≈≈≈≈≈≈≈≈≈≈
...~~~~≈~~~~P..#.[~~PP≈≈≈≈≈≈≈≈≈≈≈


Turn 40657 on Shoals:1: Dude didn't even cast a spell. No antimagic or silence
on me! .~~≈≈≈≈~..P~~~~~~~~~~≈≈≈≈# P~~~~~~~~~~~~≈≈≈≈# ≈≈≈≈≈≈≈≈≈≈≈≈≈≈≈≈≈≈≈#
≈≈≈≈≈≈≈≈≈≈≈≈≈≈≈≈≈≈≈# ≈≈≈≈≈≈≈≈≈≈≈≈≈≈≈≈≈≈≈# PPP~~~≈≈≈≈≈≈≈≈≈≈≈≈# ...~~≈≈≈≈≈≈≈≈≈≈≈#
#.~~~≈≈≈≈≈≈≈≈≈≈# #@~~~≈≈≈≈≈≈≈≈≈# #.~~~≈≈≈≈≈≈≈≈≈# #.~~~≈≈≈≈≈≈≈≈≈# #.~~~≈≈≈≈≈≈≈≈≈#
....~~~~≈≈≈≈≈≈≈≈# .....~~~~~~≈≈≈≈≈≈ (..###.###~~~≈≈≈≈ ~~. ... ~~~≈≈≈ ~~ )...
.~~≈≈ Turn 42327 on Shoals:3: scroll of acquirement in east ##.~~~≈≈≈≈≈≈≈≈≈#
....~~~~≈≈≈≈≈≈≈≈# ~~~~P.......~~~~≈≈≈≈≈≈# ~≈≈~(..###.###.~~≈≈≈≈≈#
≈≈≈............~~≈≈≈≈≈# ≈≈≈~~...)......~~≈≈≈≈≈# ≈≈≈≈~.........).~≈≈≈≈≈#
≈≈≈≈≈...........~≈≈≈≈≈# ....~.@........~≈≈≈≈≈≈# .###...........~≈≈≈≈≈≈#
#.........#..~~≈≈≈≈≈# ..............~~≈≈≈≈≈# ..........#.∩.#~≈≈≈≈≈≈#
...............~≈≈≈≈≈≈# ~...........#.~~≈≈≈≈≈≈# ~~~........~≈≈≈≈≈≈≈#
~~~......~~≈≈≈≈≈≈≈# Turn 42378 on Shoals:3: amulet of the air towards southeast
≈≈≈≈≈≈≈≈≈≈≈)≈≈≈≈)≈≈≈≈≈≈≈≈≈≈≈≈≈≈≈# ≈≈≈≈≈≈≈≈~†~~######≈≈≈≈≈≈≈≈≈≈≈≈≈≈#
≈≈≈≈≈≈≈)~~~#~~~~~##≈≈≈≈≈≈≈≈≈≈≈≈≈# ≈≈≈≈≈≈{[.)#~~#~~~~##≈≈≈≈≈≈≈≈≈≈≈≈#
≈≈≈≈≈~~~.#~~~~≈#~.≈#≈≈≈≈≈≈≈≈≈≈≈≈# ≈≈≈≈≈~~~.#)#~≈#≈≈.≈#≈≈≈≈≈≈≈≈≈≈≈≈#
≈≈≈≈≈~~~~#~~H##≈≈.≈#≈≈≈≈≈≈≈≈≈≈≈≈# ≈≈≈≈≈~~~~#~~#≈≈≈..≈#≈≈≈≈≈≈≈≈≈≈≈≈#
≈≈≈≈~~~~#~~~≈≈~@#≈#≈≈≈≈≈≈≈≈≈≈≈≈# ≈≈≈~~~~##~~~~~#≈##≈≈≈≈≈≈≈≈≈≈≈≈#
##≈≈≈≈≈##~~≈≈≈≈≈≈≈≈≈≈≈# #######~~~~≈≈≈≈≈≈≈≈≈≈# ....~~~~~~≈≈≈≈≈≈≈≈≈≈#
.........~~≈≈≈≈≈≈≈≈≈≈# .........~~~≈≈≈≈≈≈≈≈≈≈# .........~~~≈≈≈≈≈≈≈≈≈≈#
.........~~~~≈≈≈≈≈≈≈≈≈# Turn 43161 on Shoals:4: Rune in northeastern vault.
Beware of javelineers, aquamancer, among other enemies.
#≈≈≈≈≈≈≈≈≈≈≈≈≈≈≈PPP~.....#~ #≈≈≈≈≈≈≈≈≈≈≈≈≈PPP~P~....#.#
#≈≈≈≈≈≈≈≈≈≈≈≈≈PPP~PP...#.#. #≈≈≈≈≈≈≈≈≈≈≈≈~~~P~~~P..#... #≈≈≈≈≈≈#######≈≈≈~~~P..#
#≈≈≈≈≈##≈≈≈≈≈##≈≈~~PPP.# #≈≈≈≈##~....#≈##~≈≈~P.P# #≈≈≈≈#~~~≈≈.=#≈#~≈≈≈PP.#
#≈≈≈≈#~~#≈@≈..≈#≈≈≈≈≈... #≈≈≈≈#~~≈##≈≈.≈#≈≈≈≈≈~.. #≈≈≈≈#.#~≈#≈≈~≈##≈≈≈~~..
#≈≈≈≈#....≈#~~≈#≈≈≈≈≈~.. #≈≈≈≈.#..#.~~~##≈≈≈~~~~~ #≈≈≈≈..#^..~~##~≈≈≈~~≈≈≈
#≈≈≈≈≈..######~~~≈~~≈≈≈# #≈≈≈≈≈......~~~~~~~~≈~## #≈≈≈≈≈~)....~~~~~~~~~## Turn
43350 on Shoals:4: ring of flight in northwestern chamber ##### .#....#
##...####.....### #.....##........### #[....##.......... #.....##........# ..
#.....####....###.... #.............@!..... ###.....####....#.#.... .##.....#
#######.# .. ..#.....# #.# ...#...########## #.. ................. ..#
...##..........## #. ..###..........# .## ##........## Turn 44444 on Elf:1: TWO
FREAKING POTIONS OF EXPERIENCE! ##.))..))....# #..##))#)'#''## ###.##8))))....8#
#...##8.).))...8# #)#####..#).#..## #######.# #8..)))...8# ........#
#8........8# ########...##.)#..#..## # ##..#...#8...@....8# ##
#.......#8........8# .###.......#+++#).#+++# #.##....>..#.DD#88#DD.#
##.#.......############ ##.........{..####### ##.....######{......## ##.##..##
#.........# .......## #........)# Turn 45032 on Elf:1: Dragon storage?
Northeastern vault. Pretty nasty. ############### #©....|.=|...∩#
#.....)|?.....# ##8....†....8## ##8.......8## ##8..@..8## ###########
##...8§8...## #.....©.)...# ##.....?(....## #......[......# #....8...8....#
#.............# ##...........# Turn 45913 on IceCv: Ice cave: open one with lots
of simulacra and very ugly thing. Also orange statue and ice wraiths. ....,##
*,* *,,,,,,,,,, #...,.# *,* *****,***** #...#.# ##.## *,* #.....## ##...########
*,* ....#..## #...........# *,* ...#.#..# *#...#...##.# *,* ,,#...#.#
*#.#.....#.##**,* #..#.#..######...........,,,* #...#...........@.[....#*****
###...########........<# ##### #.#.....#.# #.........# #.###.##### * #.# ### *
********* #.# * *,,,,,,,* #.# * ****,*****,*##.## *####**** * Turn 45985 on
Elf:3: Both portals in northwest quadrant, btw. #..#..#..# #8..8# #..'..'..#
##....## ####..#### ##......## #.)'..'..# ##........## #..#..#?.# ##...♣..♣...##
####..#### ##...♣♣..♣♣...# #### #..#..#..# ##.....♣..♣....# #... #).'..'..#
♣......#.[#....# #... ####..#### ♣...@..........♣#♣..# #..'..'..#
♣....#.♣~~♣.#...#...# #..#..#..#♣♣...#.♣~~~~♣.#..#....
####''####♣......~~~~~~....♣...# ♣.........♣....#.~~~~~~.#......#
♣..............#.♣~~~~♣.#...#... ♣..♣...♣..♣..♣....♣~~♣....♣#...#
♣..#)..#..♣..#..#......#..##...# ♣..#...#.....##...#..#...##..... Turn 46505 on
WizLab: Worth a visit for some things. I stabbed nearly everone in here. ;)
......# ********** #.## ...#..# *{{{,*,,,* #..#####
..###.#####.{{,+,,,####......# .## ##...'#.x{,*,,,#.......#.# ##
##.####'##########...##.# .## ##)## #..X.XX..# ##.###.#### #.###.## #....x..x#
##.......# ##.#.## #...xx...# #.##.##.# ##)## #.xX..@$.### #.#..##.# #.#
######'###.####.......# #.####### #.#..###..####.##### #.##....# ##..###
###.?##.# #.##..#.###..## ##.##)# #.##.###)#...# #.##.# #<#.## ##.#..# #.##.#
#....###.###.# #....# ####..#.####.## ##)#### Turn 46910 on Elf:3: Abominations
vault. #.....### #.#.....# ..#...### ###..)### .[...<..# ####### ###..)..##.
###.....# ..#....###.##.....∩.# #.#..### #.#........# #...##.# #.##...@...#
###.#..###..##......# ÷(÷.....##.........## .###....##.....#...#
.........#.....##.## ..........#(....### ..........#........ .............#.####
................# Turn 49230 on Depths:1: Pan entrance just east of Depths
entrance/exit. ... ..... .....# ......##### ..........## ...........##
...≈≈~≈≈....## ≈≈###@#≈≈...# #u###≈≈..# . #uu{ ##≈.## . #..∩{ #≈.# ≈ ##.. ##≈.##
≈≈ ### ##≈≈..# .≈≈#####≈≈...# ...≈≈≈≈≈.[..## ...........## Turn 49898 on
Depths:2: Hell vault in northeast; contains ugly things ### ##≈# #≈≈# #≈≈# ###
#≈@##.... # #≈≈≈#.T# #.#≈≈≈#~.# ..#.#≈≈≈...# # $...~≈≈≈~..#.# ## .....≈≈~...#.#
.. .....≈≈~~~...# #. #.. ....~≈≈≈≈~.### #. #... ##.#^.~≈≈≈~.# #. Turn 53630 on
Depths:4: River vault ############# ######### #...........# #.......#
#.<.#'#.....# #.......# #...#.###...# #.....8.# #..##.#.###.# #.......#
#.[#..#[..#.# #.....@.# #.######'##.# #^......# #.#..[#[.').# #.....<.#
#.#'#.#.##..# #.......# #...###.#...# #.....8.# #.....###.<)# #.......#
#...........' #.......# ############# #####'#################
#................... Turn 58468 on Vaults:2: 1280 gold for manual of fighting
#....?............##*,,*,,* .....##....).......#*,,*,,*
....(####..........##,,*,,* #.....######........#,,#,,* #..†...#**
###......#,.#,,* #........##**##.....#..#,,* ##.......)..#*##.......#,,*
*#............##[......#,,* ###............)@...#..#,,* #
##................#..#,,* # ##.............)##,.#,,* # *##...........##*,,*,,*
#####***##......###**,,*,,* .....,,,.........,,,,,,*,,*
.....,,,.........,,,,,,,,,* ###*****#########*****,,,,*
.....,,,,,,,,,,,,,,,,,,,,,* Turn 64852 on Vaults:5: Silver rune in southeast.
.......)....#..#..# ............#..#..# ..........)##..#..# ..........###..#..#
##......#####..#..# ...............#..# ..................# ##############....#
,,,,,,,,........@.# ,,,,,,{,.........)# ********########### Turn 64875 on
Vaults:5: Ironbound convoker in THE ABSOLUTE SOUTHEAST CORNER.
...[.)........................... ..#..##.................##..#....
..#.)###...............###..#.... ..#...###.............###...#....
..#...)###...........###....#.... ..#.....###.........###.....#....
..#......###.......###......#.... ..#.......###[)[..###.......#....
..#.......)###.[@###[.......#.... ..#.......).###:###.........#....
..#........."#####..........#.... ..#.......?|###|###.........#....
..#........###..)###........#.... ..#.......###....)###.......#....
..#.....)###.......###......#.... ..#.....###.........###.....#....
..#....###...........###....#.... Turn 64984 on Vaults:5: manual of staves ...#
?+ ...# $# . ...# .# # .. ..C#. .#C.. # ....#...C# #$D##..#>...# +$$.......#...
#@.>.⌠# +$$...#....... #$y##. .⌠#..## # d. .#....# ... ...#. . ...# .# # .. ...#
$# . ...# ?+ Turn 67507 on Zot:1: Slimy - Silver - Abyssal #
#...⌠...#..#.##''####' #" #.......#$!#.##....... #..###'''###).#.'.?......
#.....?.....[.#.'..###### #.#8..[_...8#.###### # #......=......# #..####'####..#
#$ #./".†/!#)$# # #.:..@:.#..# ############ Turn 68321 on Crypt:1: manual of
summonings #÷.# #..###...... #####..###..##....... #......).....'.......
#.#..........'....... #.......######....... # #...⌠...#..#.##''#### #"
#.......#=!#.##...... #..###'''###).#.'.?..... #.....?@..†.[.#.'..#####
#.#8..[_.)†8#.###### #.....)=......# #..####'####..# #$ #..".†..#).# #
#.:...:.#..# ############ Turn 68429 on Crypt:1: Summoners' vault in south.
...........## **,,** ............## *,,,,* ...........).# *,,,,* ##...........#
##++## ##?.#........###....## .#..#.....#..##......# .#..#.....#..##......#
##''##...##''##......#*** .....#####....#.@._..#,,** )..).⌠# #:....'......+,,,*
...).⌠# #.....'......+,,,* .....#####....#..._..#,,** ##''##...##''##......#***
.#..#.....#..##......# .#..#.....#..###.....# ##..#........# #....##
##...........# *#++## Turn 71970 on Crypt:3: curse toe and bone dragon ...#...#
#..# ...#...# #..# #'##...# #..# .......# #..# .......######..# ...............#
################ ########## #### .........## ##)@## ..........## #.:.[#
.........).# #=|).# ...........# ##''## ?.#........###....##
..#.....#..##......# ..#.....#..##......# ''##...##''##......#***
...#####....#..._..#,,** Turn 71992 on Crypt:3: +1 barding of fire resistance
..............##'######....... ....[.........................
.............................. ..............................
.............................. ..............................
...####'#...................>. ...#....#.......######........
...#....'.......@..).#........ ...#....#.......#.Z..#......##
...#....#.......#....#......# ...'....#.......#....#......#
...#....#.......#....#......# ...#....#.......#....#......#
...#....'.......######......# ...######.....................
.............................. Turn 72135 on Crypt:2: I will spare you, deep
dwarf skeleton. :) .## ##...## ##. ..## ##.....## ##.. ...## ##...#...## ##..≈
....## ##...#.#...## ##..~~ .≈...## ##..#.....#..## ##...≈~
§§§...####..#}...^..#..####...~~. )≈.....##...#.......#...##....~..
≈§§........................÷....⌠ .≈.§............@...........÷....
§.≈.§...........................⌠ §≈.§...##...#.......#...##....~..
≈.≈.≈.####..#.....[.#..####...~~. §≈...## ##..#.....#..## ##...~≈ §...##
##...#.#...## ##..~≈ ...## ##...#)..## ##..≈ ..## ##.....## ##.. .## ##...## ##.
Turn 74761 on Hell: Geh - west, Dis - north, Coc - east, Tar - south
#≈≈≈≈....^...≈≈≈~≈≈≈≈≈≈ #≈≈≈≈........≈≈≈~≈≈.≈≈ #~≈≈≈≈......≈≈≈≈~...≈
#~..≈≈≈≈≈≈≈≈≈≈≈≈.... #≈...≈≈≈≈≈≈≈≈≈≈≈~.. #≈≈..≈≈.......≈≈~# ##≈≈.~.....##...~#
#≈≈≈~...^.# #.^~~ #≈≈≈≈~@..## .~~ #≈≈≈.≈........ #≈≈..≈≈......~ ##≈.≈≈≈≈≈~~≈≈~
##≈≈≈≈≈≈~~~~≈ #≈≈≈≈≈~~~≈~~ ############ Turn 75032 on Coc:1: Stairs south of
entrance. Lots of enemies and traps, though. ##########*******
#######~≈≈.....#≈~~~~~~ #≈≈≈≈≈~~≈.......≈~~~~~~ #≈≈≈≈~~~≈.......≈~~~~~~
#~...~~~≈........~~~~~~ #.....@~≈≈.....~~~~~~** *#>###...~≈~.~~~~~~.≈## **,**
###..∩~~~~.....≈≈# *,,* ##..~≈.....9.≈≈# *,** #..~≈........≈## *,*
#..~..##.....≈E≈ *,* #..~..#**#..§E≈≈ *,** #..~..# *#.~.E# *#.* #.≈≈.## *#1~#*
Turn 75538 on Coc:4: Stairs west of entrance. Nasty floor, though! #.≈≈≈≈≈≈≈≈...
#≈≈..#.^≈.≈≈≈≈...≈ #≈.........≈≈≈≈... #≈..........≈≈≈... #≈≈....###..≈≈≈##.
#≈..#...#....≈≈≈^. #≈≈##...###..≈≈≈≈≈ #≈..##..#.....≈≈≈≈ #@......#...##≈≈≈≈
#..≈....≈..##..≈≈≈ #≈≈≈≈..≈≈≈..#....≈ #..≈.≈≈≈≈.......≈≈ #....≈≈≈≈##..≈...≈
#≈≈#.≈≈≈≈...≈≈≈... #≈≈≈.≈≈≈.....≈.... #≈≈...#...≈..≈.... #≈###....≈≈≈≈≈≈≈.# Turn
76508 on Coc:5: Stairs in west; nasty floor! ≈≈≈≈≈≈≈≈≈≈≈ ##≈≈≈≈≈≈≈≈≈
###≈≈≈≈..≈≈≈ ≈≈≈≈≈≈≈.≈≈≈# ≈≈≈≈.....≈≈# ≈≈.......≈≈# .........≈≈# ....≈≈≈@..≈##
.≈≈≈≈≈≈≈∩.≈≈# ≈≈≈≈≈≈#≈≈.≈≈# ≈≈≈####≈≈..≈# ≈≈ ##≈..≈# ≈ #≈≈.≈≈# #≈≈..≈# ##≈..≈Z
≈≈^≈≈≈ Turn 76513 on Coc:6: 2 hellions and wellspring spawn right next to
entrance. ### ##≈≈..≈≈≈≈≈≈≈≈.....≈≈# #≈# ##≈≈...≈≈≈≈≈≈.......≈≈### #≈##
##≈≈......≈≈.........≈≈... ##≈####≈≈.............≈≈≈≈..≈###
#≈≈≈≈≈≈≈..≈≈.......≈≈≈≈≈≈≈∩.≈≈# ####≈≈≈.≈≈≈≈≈≈≈...≈≈≈≈≈≈#≈≈.≈≈#
#≈≈≈.≈≈≈≈≈≈≈...≈≈≈####≈≈..≈# ##≈≈≈.≈≈≈≈≈≈...≈≈≈## ##≈..≈## #≈≈≈...≈≈≈≈≈.@.≈≈##
#≈≈.≈≈# ##≈≈≈≈≈..≈≈≈≈...≈≈# #≈≈..≈# #≈≈≈≈≈≈≈..≈≈≈...≈≈# ##≈..≈≈
##≈≈≈≈≈≈≈...≈....≈≈## #≈≈^≈≈ #≈≈≈≈≈≈≈≈≈..≈....≈≈≈# ##≈≈..≈ #≈######≈≈≈......≈≈≈#
##≈≈..≈≈ ### ##≈≈......≈≈≈## #≈≈≈..≈≈ ##≈≈....^≈≈≈≈# ##≈≈..≈##
##≈≈...≈≈≈≈####≈≈.≈≈## Turn 77367 on Coc:6: Stairs west of entrance, but this
floor is quite nasty as well. ### #§## ##§## ##§## ##§## ##§## ##§##
#####.############### #............@....... #.....................
#...................... ....................... ...#################### ..# .#
Turn 77419 on Coc:7: Wendigo and shard shrikes spawn next to entrance!
,,,,,,,,,,,* **,,**,,,',,,**,,** ,,,,,,,,,,,**#..#****+*+*##**,,**
,,*****,,,***,...#*,,?+,$.#*,,,,* ,** **,,,**,,,*...#*,b#$.#*.,,*,, **
**,,,,*,,****...##b#.#*..,**** * **,,,,,,,***##*b..#C..#(..*****
***,,**,,,***,#b##{{..#....#*,*,* **,,***,,***,,#$b##Cb#b..b#*,,*,,
,,,,,***,**,,,+$@{C.Cbb.#...,,',, ,,,,,,,,,****{#L##.#∩y>.⌠#,**+*+*
****,,,,,**,,b'y{{.D#.D.....,,+,, * **,,,***#.!#$.##{..⌠#..##,,*,, *
**,,,,*##.#.#*.{.D#....#*,*,* * *,*,,,*#*##*...#...#...***** *
*,***,,****...##.#.#*..,**** * ***,****,,,*...#*,$#$.**.,,*,,
****,,,,,,***,...#*,,?+,,,**,,,,* Turn 81476 on Zot:1: This is a horrible
jamboree at the entrance. #..* **,***,,,,{,,**{##.#,* *,,*
**,**,,*****##,**,#.##, *,,* **,**,***,,,..#*,*,##.#, *,,*
*,**,**,,*##☼##*,**,#.#, *,,* *,*,**,***.dqd.**,*,#.#, *,,*
*,*,*,###.q.9yq,*,*,#.#, *,,* **,*,*,#.#.q.qq.,*,*,#.#, *,,*
*,,*,*{#['.dyypq,+{*{#.#, *,,*****,,*,*,#@#{,{{,,{*,*,#.#,
*,,,,,,,,,*,*,#.#{,,{{{{***,#.#, *,,,,,,,,,*,*,#.##,,{{{***,##.#,
*,,******,*,*,##.#**{***,,##.##, *,,* *,*,**,#.##,,,,,###.##,* *,,*
*,**,*,##.#######..##,** *,,* **,*,**,##.......###,**, *,,*
****,**,#########,,**,* *,,** **,**,,,,,,,,,***,** Turn 85603 on Zot:3: Massive
jamboree in the center of floor! ,,,,,,,*,*#......# ,,,,*#.#,*#...>..#
***,*#.#.###...##### *,,,#.#.#......§..# **,,,#.#........##.#
,,,,,#.#...#.9..##.# *****#.#........##.# #.#..##..#.##.# #.#..##....@#.#
#.#.....#.....# #....########.# ###### ### Turn 87116 on Zot:4: electric vault
in east ....≈...§...............# ##..≈.>.§.§...........###
#..≈..§≈...........### #..#≈§≈#.....####### ##....§....### ######......#
...........############ ..)...................## ....∩...........@.....>#
#############.......#### ######### Turn 99996 on Tar:1: Stairs east of start
###### .. #.... h.. #...##.. . ....... .. .. #....# .## .. #...##...#.# .
#........#...#.#### #.#...#......#...... ##.#.##@##....#.#....^.
#.......#.....#.#.#.... #....##........#........ .........##...........
..^..#........##...# ### ... #....##......∩#..... # #.....##.##.........
.............#.###..... .#......##...(......... Turn 100041 on Tar:2: Silent
spectre spawns west of entrance. Doom hounds north of it.
#.#.#.#.##...#.......##.. ##........###.#.......# # #.............#.#.......
#.##.......##....##...##.. ##...............##.## ... #....##^###..........# ##
##........####....#.... #...##..##.......# ... #.......@...#..#.# .
#....#.##...##.#... #....#.. ........... #..###.. #..##.## ## ### #### ### #
Turn 100089 on Tar:2: Stairs southwest of entrance .. ... ....
#########+##+##.... ................... ..^....@........h.. ............^......
...........∩......W ################### Turn 100778 on Tar:5: Stairs simply to
the left! #....##..#.## #.#.........## #.##.....^.### .##.....####. ##.###.####
#.⌠ ##.####.# ##.. ##.....^.# ##..# ##§#......# #..## #@######.## #.## ### ###
### Turn 101738 on Tar:6: This floor is quite scary! Many tainted leviathans and
those dudes from the Salt place as well. #....##..#.## #.#.........##
#.##.....^.### .##.....####. ##.###.#### #.⌠ ##.####.# ##.. ##.....^.# ##..#
##(#......# #..## #@######.## #.## ### ### ### Turn 101893 on Tar:6: I have used
several heal wounds potions and teleport scrolls to survive. ####### #.#.#.#
#..@..# #.....# { #####.....##### #.#.#.....#.#.# #.............####
#...8.....8...#..## #.............#...###### #...8.....8...#...#.Z.#○
##...........##........○ Turn 102293 on Tar:6: Stairs in northwest.
≈............ ≈...........# ≈...........# .............# .............##
..............# ..............# ........@.....# .........†....# .............##
..............# .......†..∩..## ..............# .............## §≈.≈..........#
§≈§≈..........# Turn 107340 on Geh:1: Note: lots of hell hogs near entrance!
......................§ ##...................... #..........#+#..........
#.........##.##§§....§.≈ ..........'...#§§§.≈≈≈≈≈ #.....≈...##.##≈§≈≈≈≈§≈≈
#...§≈.....###≈§§≈§§≈≈≈≈ ...≈≈≈.......§§.§.§≈...≈ #..§≈..@...............
##.......##.#...#....# ######### ##.### # Turn 107465 on Geh:1: Stairs in
southwest .......≈≈≈§§≈...###......## ........≈≈≈#######........# ..........##
#...##..## .########## #.).##..# . { ##...##..# ≈ {{{ { { { #...###..# .
##...##...# . ##....##..## . ##.@#.###...## . { #..#### #....# { #....## #...##
#.....# ##..# .............# #..# .§......##...# #..# .......## ...§≈§..#
..#≈§≈# .§.§§§§.# §C§hh. #§§≈§§.§# Turn 108018 on Geh:3: This floor contains
doom hounds. #################### #≈≈≈≈§≈≈≈≈≈##≈§≈#≈≈≈ #§≈###§§≈≈§≈≈≈§≈≈≈≈§
#≈##.##.§≈§§§≈≈≈#≈≈§ #≈#@..'.§≈§≈≈≈≈#≈≈.§ ##≈##.##..§≈≈≈≈≈#§.##
#≈.#####...≈§§≈≈≈#'## ##§.# ###§§.§≈≈##).# #≈§)# ##..§.##.... #§§.# ##...'.....
#≈..# ##..≈#..... #≈..# #..§≈##.... #§§.# ######...§≈##..# Turn 110653 on Geh:4:
Stairs in northwest. ... ##...§###.# .... #..§##.### ....# ##.##...## .....#+#
#.')....+ ....≈..###.##†..## ..^.≈≈......##†## ......≈≈...≈###+# ..........^≈##
...........@≈# #........##........ #...^...####..#+#.. +........ .## #≈≈≈≈≈...
.+ ###### ## Turn 110781 on Geh:5: Stairs south #≈≈≈...2# #≈≈.§...+ +.......#
##.≈...#.## #..≈≈..#v.## ## #..≈≈....v§#### #≈##+# #.........≈§§§§ #≈≈...#
#.......@.§§§§ #≈§....##......§v§^.≈§≈# #*≈≈..........§§≈...§≈≈#
#§≈≈..................≈# #≈≈....≈≈...§..^......≈§ #≈≈....∩.......#####.§≈§
#≈.#+#+#.....### #.§# ####.## .. #.# Turn 110790 on Geh:6: Stairs to the east
..'...'.'.'.).....# ..#...#####'####+## ..#...+.+ +.'.....# ###...#†#+#+#.....#
.)'...#...+ +....## ..#...#...# #.....# .)#...'...# #.....# ###..)#†..# #.....+
# #...#...# #)..@.# # #...#...+ +.∩...# + +...#...# #.....# ###+#...# ####+##
#...# #...# +...# ###+# Turn 113503 on Dis:2: Stairs next to entrance on this
floor ##'#####.....# #....∩.'#'#### #......#.....# #......#.....# #....).#.....#
#......#..)..# +......#####'# ###+####.....# #...@.# #.....# #.....# #.....#
#####+# Turn 113535 on Dis:3: To reach stairs from entrance, go to the room to
the left then down. Ancient champion, iron golems, and iron giant encountered
along the way. #.....# #..'....#. ####'## #'##....#' #.....# #..#)...'.
#.....######..######. #........#.......#... #........'.......+...
#........#.......#... #........#.......#... #...@....#).^....#...
#........#.......#... ##################### Turn 114032 on Dis:5: Stairs in
southwest; many enemies along the way, though! #§§1§...'9..#.{C1...#
#.......#..9#§......# #.b.....#...#..1....# #b......#'####'##1..#
#......1'.......#§..# #....b..#....2..#...# #.......#.......#...#
#.......#.......'...# #...@...#.......#...# #.......#.......#...#
#.......#..{....#...# ##+####'##+##+###'### #...#...# #...'...+ +...#...#
######### Turn 114106 on Dis:6: Stairs in west. Very enemy dense floor, though.

Levels and vault maps discovered:
D:1:      erik_arrival_cave_to_civilisation [erik_arrival_cave_to_hall],
          layout_basic
D:2:      wander_river, layout_loops_ring, serial_shops,
          nicolae_shop_industrial_runoff
D:3:      layout_basic, nemelex_diamond_rough_becter, mainiacjoe_overflow_paths,
          shapermc_ecumenical_altar_mp_ritualfount, minmay_misc_feat_enclosed,
          hangedman_feature_mirror, hangedman_feature_mirror,
          grunt_decor_fettered, roderic_roman_lattice, grunt_decor_clamped,
          minmay_misc_feat_more_columns, hangedman_decor_push,
          nicolae_goblin_pals, uniq_crazy_yiuf_cottage
D:4:      layout_loops_ring, minmay_temple_entry_overgrown
D:5:      nicolae_cairo_tiling_large, layout_layer_cave,
          ebering_ghost_reflecting_pool, serial_shops, shop, shop
D:6:      layout_gridville, kennysheep_little_box, ebering_ghost_sewer_d,
          ebering_dispersal_statue_hall, minmay_misc_feat_hallway,
          chequers_garden
D:7:      corexii_shantytown, layout_basic, serial_shops, kennysheep_mini_moat,
          uniq_duvessa
D:8:      layout_basic, tso_altar, minmay_between
D:9:      layout_stronghold, minmay_overflow_temple_hex,
          nzn_wu_jian_contemplation, david_lair_generic
D:10:     layout_long_grid, serial_ice, serial_ice_f, serial_ice_h,
          serial_ice_n, serial_ice_b, uniq_snorg, uniq_fannar
D:11:     layout_big_octagon, lightli_corner_chamber
D:12:     layout_roguey, orc_0_dummy, nicolae_trove_entry_diagonal,
          minivault_27, uniq_kirke, uniq_nergalle
D:13:     gammafunk_corrupted_shrine, layout_basic, uniq_rupert, uniq_jorgrun,
          uniq_frances
D:14:     nzn_motion_control, layout_basic, erik_vaults_2, serial_bayou_shore_b,
          serial_shops, nicolae_shop_trees,
          nicolae_gozag_cash_rules_everything_around_me, uniq_lodul
D:15:     hangedman_depths_entry_civil_slaughter, layout_grid_maze,
          roderic_lattice_a, uniq_agnes
Temple:   grunt_temple_mini_profane
Lair:1:   layout_long_grid, st_stairs_11, uniq_gastronok
Lair:2:   layout_regular_city, nicolae_snake_entry_warm_welcome
Lair:3:   layout_roguey, minmay_shoals_entry_centaurs, serial_bayou_shore_b
Lair:4:   layout_regular_city, slime_entry_1
Lair:5:   minmay_lair_end_frog_pond, layout_gridlike
Shoals:1: layout_shoals, serial_shops, shop, shop, shop,
          nicolae_shoals_abyss_on_the_beach
Shoals:2: layout_shoals, gammafunk_ghost_cemetery, uniq_nikola
Shoals:3: layout_shoals, serial_shops, shop_fountains, nicolae_shop_stone,
          uniq_polyphemus, uniq_louise
Shoals:4: shoals_end_hangedman, layout_shoals, ebering_ghost_davey_jones,
          hangedman_feature_mirror, nicolae_shoals_isolated_beach
Snake:1:  layout_basic, abandoned_shop, nicolae_snake_gridmaze_spiral,
          nicolae_triple_integral
Snake:2:  layout_rooms, nicolae_snake_magic_snake_eye
Snake:3:  gammafunk_sealed_arena, layout_misc_corridors
Snake:4:  snake_pit_salamanders_mu, layout_chambers, uniq_aizul
Slime:1:  layout_caves, nicolae_slime_phagocytosis
Slime:2:  cheibrodos_slime_lost_civilization_2, layout_caves,
          cheibrodos_slime_lost_civilization_4
Slime:3:  layout_caves, nicolae_slime_welcoming_committee
Slime:4:  layout_caves
Slime:5
Orc:1:    layout_caves, basic_altar
Orc:2:    pf_orc_diabolical, layout_caves, statue_in_the_mist_lemuel,
          okawaru_metal_pillars_1_2
Elf:1:    layout_rooms, orc_legates
Elf:2:    elven_hall_of_blades_hangedman_original
          [nicolae_blade_entry_splitting_headache], layout_rooms, uniq_zenata
Elf:3:    elf_hall, layout_loops_corners, portal_ice_cave_entry_pillars_2,
          mu_enter_wizlab_5, laboratory
Vaults:1: nicolae_vaults_what_the_h, vaults_room_boxed,
          nicolae_vaults_door_testing_chamber, ontoclasm_vaults_gallery,
          v_misc_9, v_misc_25, ontoclasm_vaults_chip,
          nicolae_vaults_border_crossing, nicolae_vaults_specimen_jars,
          vaults_room_stairs_pillars, nicolae_vaults_trapezoid_lopsided_3,
          layout_vaults_omnicross, serial_shops, nicolae_shop_drivethru
Vaults:2: nicolae_vaults_little_squares_4, hangedman_vaults_trim,
          nicolae_vaults_angled_halls, grunt_vaults_hallway_long,
          nicolae_vaults_twisting_passages, nicolae_vaults_little_squares_5,
          hangedman_vaults_river_flow, hangedman_vaults_maws,
          blue_anna_dwarven_crypt, hangedman_vaults_trim, v_misc_19,
          st_more_cells, nicolae_vaults_closet_pinwheel_3,
          ontoclasm_vaults_fault, layout_vaults_big_room, serial_shops,
          bzr_entry_water, shop_statue, shop, nicolae_square_shop,
          nicolae_shop_waterfront, uniq_mara, uniq_jory, uniq_sojobo
Vaults:3: nicolae_vaults_murderbox, nicolae_vaults_little_squares_5,
          nicolae_vaults_trapezoid_2, nicolae_vaults_puzzle_piece,
          hangedman_vaults_capsules, nicolae_vaults_weapon_check,
          vaults_dpeg_cross, v_misc_27, nicolae_vaults_little_squares_2,
          nicolae_vaults_little_ls, nicolae_vaults_rhombus_5,
          nicolae_vaults_storage_room_glass, ontoclasm_vaults_chip,
          layout_vaults_ring, serial_shops, nicolae_square_shop
Vaults:4: vaults_room_grunt_arrival_checkpoint, nicolae_vaults_little_squares_5,
          vaults_mumra_chevron_long, nicolae_vaults_tetromino_L_1,
          nicolae_vaults_more_shelving_2, nicolae_vaults_double_plus_2,
          grunt_vaults_funnel, ontoclasm_vaults_pinch,
          nicolae_vaults_double_plus_1, layout_vaults_quadrants, uniq_xtahua
Vaults:5: serial_shops
Crypt:1:  layout_gridlike, ebering_ghost_disaster_area,
          hangedman_summoners_spam, grunt_crypt_arrival_webbed, uniq_saint_roka
Crypt:2:  layout_regular_city, uniq_vv
Crypt:3:  lightli_unholy_cathedral, layout_chaotic_city,
          tomb_entry_forgotten_bobbens
Tomb:1
Depths:1: layout_cave_pools, rand_demon_pan_entry_8, minmay_misc_feat_roman,
          pf_vacation_house_of_asmodeus, evilmike_spriggan_trog_shrine
Depths:2: minmay_box_of_statues, layout_long_grid, columned_hall_lemuel,
          serial_shops, nicolae_shop_advertising_works
          [nicolae_subvault_shop_adworks], pf_coc_iceberg,
          rand_demon_pan_entry_9, nicolae_hepliaklqana_monster_ancestors,
          minmay_shop_star, uniq_grunn
Depths:3: minmay_the_grid_octo_tiled_squarecenter_mashed
          [minmay_the_grid_octo_thin_diamonds, minmay_the_grid_octo_odd_swirl,
          minmay_the_grid_octo_fat_diamond, minmay_the_grid_octo_pinwheel,
          minmay_the_grid_square_5x5_megaprize_diamond,
          minmay_the_grid_square_5x5_hourglass,
          minmay_the_grid_square_5x5_two_small,
          minmay_the_grid_square_5x5_spiral,
          minmay_the_grid_square_5x5_broken_cross], layout_gridlike,
          pf_hell_entry_tar_river, hangedman_abyss_entry_splay,
          kennysheep_nondescript, serial_bayou, serial_bayou_ford_a,
          serial_bayou_pond_d, serial_bayou_lake_a, serial_bayou_shore_b,
          firewood_loft
Depths:4: grunt_zot_entry_hairpin, layout_basic, enter_ziggurat_d, hell_entry,
          chequers_big_river, minmay_shoptagon
Hell
Dis:1:    layout_gridville
Dis:2:    layout_overlapping_boxes, nrook_loot_triangle,
          nicolae_dis_distal_crystal
Dis:3:    layout_subdivisions
Dis:4:    layout_gridville
Dis:5:    layout_jigsaw
Dis:6:    layout_overlapping_boxes
Dis:7:    dis_grunt_layers
Geh:1:    layout_gehenna_pools_triple
Geh:2:    layout_gehenna_lava_caves
Geh:3:    nicolae_geh_tyrants_menagerie, layout_gehenna_pools_triple,
          lemuel_hellion_isle
Geh:4:    layout_gehenna_lava_caves
Geh:5:    layout_gehenna_lava_caves
Geh:6:    layout_gehenna_lava_caves, not_door_vault_due
Geh:7:    geh_mu
Coc:1:    layout_ice_bergs
Coc:2:    layout_ice_bergs
Coc:4:    layout_ice_bergs
Coc:5:    layout_cocytus_delve
Coc:6:    layout_cocytus_water_paths
Coc:7:    coc_old
Tar:1:    layout_cathedral_of_symmetry, nicolae_hells_hurtin_island
Tar:2:    layout_honeycomb, nicolae_tar_cuneiform_water
Tar:3:    layout_honeycomb
Tar:4:    layout_honeycomb
Tar:5:    layout_grid_maze
Tar:6:    layout_catacombs, nicolae_tar_just_some_guys
Tar:7:    tar_minmay_river
Zot:1:    hangedman_zot_vaults_quadrants, layout_cathedral_of_symmetry
Zot:2:    layout_gridlike
Zot:3:    grunt_deathspiral_small, layout_concentric_octagons
Zot:4:    layout_basic, amethyst_zot_foddershock
Zot:5:    layout_basic, basic_altar, uniq_tiamat

Skill      XL: |  1  2  3  4  5  6  7  8  9 10 11 12 13 14 15 16 17 18 19 20 21 22 23 24 25 26 27 |
---------------+----------------------------------------------------------------------------------+-----
Stealth        | 1 2 3 4 6 7 10 11 15 27 | 27.0
Long Blades    | 4 5 6 7 8 10 12 14 16 20 23 | 23.0
Dodging        | 5 6 8 9 11 12 13 14 15 17 19 21 23 25 27 | 27.0
Throwing       | 3 4 5 6 8 9 10 11 12 13 14 16 17 19 20 23 | 23.6
Fighting       | 3 5 6 8 10 11 14 16 17 19 20 21 22 23 24 26 27 | 27.0
Evocations     | 2 3 5 6 7 9 10 12 22 | 22.0
Shields        | 4 6 7 9 10 | 10.0
Armour         | 3 5 6 20 | 20.4
Invocations    | 1 3 4 5 |  5.0
Translocations | 4 6 8 9 |  9.2
Summonings     | 15 | 15.0
Ice Magic      | 12 | 12.7
Spellcasting   | 13 | 13.6

Action                     |  1- 3 |  4- 6 |  7- 9 | 10-12 | 13-15 | 16-18 | 19-21 | 22-24 | 25-27 || total
---------------------------+-------+-------+-------+-------+-------+-------+-------+-------+-------++-------
  Melee: Long sword        |    89 |       |   206 |   771 |       |       |       |       |       ||  1066
         Dagger            |    11 |   226 |   221 |    77 |    92 |       |       |       |       ||   627
         Punch             |     1 |     3 |     7 |     8 |       |       |       |       |       ||    19
         Tailslap          |       |       |       |    12 |    51 |     1 |    72 |    76 |   124 ||   336
         Scimitar          |       |       |       |   275 |   858 |  1003 |   600 |  1499 |  2297 ||  6532
         Double sword      |       |       |       |       |       |       |       |   163 |  3960 ||  4123
         Eudemon blade     |       |       |       |       |       |       |       |       |  1453 ||  1453
  Throw: Stone             |     3 |     2 |    19 |    59 |    27 |    10 |     1 |       |       ||   121
         Dart              |     1 |     3 |    24 |    90 |    38 |     7 |     6 |     8 |   218 ||   395
         Throwing net      |       |     3 |     3 |       |       |       |     2 |     1 |    15 ||    24
         Javelin           |       |       |     2 |     3 |     3 |       |       |       |     7 ||    15
         Boomerang         |       |       |     2 |    12 |    12 |     6 |       |    12 |   522 ||   566
   Cast: Blink             |       |       |       |       |       |       |       |       |    14 ||    14
         Summon Ice Beast  |       |       |       |       |       |       |       |       |     6 ||     6
         Apportation       |       |       |       |       |       |       |       |       |     1 ||     1
 Invoke: Shadow Step       |       |       |       |       |     1 |       |       |       |       ||     1
  Evoke: Wand              |       |       |     1 |    13 |    25 |     4 |     9 |     3 |    33 ||    88
         Condenser vane    |       |       |       |     1 |     1 |     1 |     3 |     3 |     6 ||    15
         Lightning rod     |       |       |       |       |       |     9 |     4 |     4 |    17 ||    34
         Box of beasts     |       |       |       |       |       |     1 |     3 |     1 |    11 ||    16
         Phial of floods   |       |       |       |       |       |       |     1 |       |     3 ||     4
         Phantom mirror    |       |       |       |       |       |       |       |       |     2 ||     2
    Use: Scroll            |     2 |     7 |     3 |    15 |    17 |    22 |     4 |     9 |    57 ||   136
         Potion            |       |     1 |       |     7 |     1 |    10 |     6 |     3 |    65 ||    93
   Stab: Sleeping          |     2 |     5 |     6 |    12 |    52 |   103 |    89 |   129 |   338 ||   736
         Paralysed         |       |       |     1 |     1 |     6 |     1 |       |       |     4 ||    13
         Held in net/web   |       |       |     1 |       |       |       |     1 |       |    11 ||    13
         Distracted        |       |       |       |     3 |     6 |    13 |    13 |    24 |   157 ||   216
         Confused          |       |       |       |     3 |       |       |       |       |     2 ||     5
         Invisible         |       |       |       |       |       |     3 |     5 |       |    64 ||    72
         Petrified         |       |       |       |       |       |       |     2 |       |       ||     2
 Armour: Leather armour    |    11 |       |       |       |       |       |       |       |       ||    11
         Ring mail         |    18 |    47 |    57 |     5 |       |       |       |       |       ||   127
         Skin              |       |    15 |       |     6 |       |       |       |       |       ||    21
         Steam dragon scal |       |       |       |    55 |       |       |       |       |       ||    55
         Troll leather arm |       |       |       |    40 |    60 |   119 |    32 |   132 |   346 ||   729
         Scale mail        |       |       |       |       |       |       |       |       |  1062 ||  1062
  Dodge: Dodged            |    68 |   139 |   317 |   861 |   727 |   602 |   426 |  1416 |  6201 || 10757
  Block: Buckler           |       |       |       |   154 |   392 |   397 |   224 |   676 |  3542 ||  5385
         Reflection        |       |       |       |    11 |    21 |    37 |    22 |    67 |   228 ||   386
